Workbook

Sheet Summary
A1: INPAG Exposure Draft 1 Responses
A3: Totals
A4: Countries | B4: =Countries!F2 -> 46
A5: Responses | B5: =SUM(B8:B11) -> 301
A7: 4 surveys
A8: Describing NPOs | B8: ='Describing NPOs'!A113 -> 110
A9: Concepts & principles | B9: ='Concepts & principles'!A69 -> 66
A10: Financial statements | B10: ='Financial statements'!A70 -> 67
A11: Narrative reporting | B11: ='Narrative reporting'!A61 -> 58
B12: =SUM(B8:B11) -> 301

Sheet Describing NPOs
A1: Respondent ID | B1: Please input your information. Only your country information is a requirement, but personal information is helpful for our analysis if you are willing to provide it. | E1: Any personal information you have provided will only be held for the purposes of developing INPAG. You may withdraw your consent for us to hold any of your personal information at any time here, or email ifr4npo@cipfa.org. | F1: An NPO must have a primary objective of providing a benefit to the public. How important is this characteristic? | J1: An NPO must direct any surpluses for the benefit of the public. How important is this characteristic? | N1: Our intention is to include all entities that are NPOs. Does the term ‘providing a benefit to the public’ exclude any entities that might be NPOs? | Q1: How difficult will it be to apply the concept of ‘benefit to the public’ when determining whether an entity is an NPO? | U1: Do you have any comments on using the proposed characteristics to identify whether an entity is an NPO for the purposes of INPAG? | V1: Do you understand which NPOs are intended to benefit from INPAG? | W1: How important is it that there is application guidance to explain how to apply INPAG for branches? | AA1: How difficult is it to define the reporting boundary of an NPO (ie which sets of activities and transactions to include) for the purposes of producing general purpose financial reports? | AF1: How easy do you find it to understand the control principles of ‘power’ and ‘exposure to variable returns’ that are used in international standards? | AK1: How easy is it to apply the control principles of ‘power’ and ‘exposure to variable returns’ in relation to NPOs? | AP1: INPAG includes a way to simplify application of the control principles. Do you agree that when certain conditions exist, there should be an assumption that an NPO controls another entity, which can be refuted? | AS1: What would be the key elements of an assumption that control exists? | AW1: Do you agree with the use of the terms? 'controlling NPO' instead of 'parent' 'controlled entity' instead of 'subsidiary' 'beneficial interest' instead of 'investment' | BA1: Do you have any suggestions for what would help in applying the principles for control of another entity?
B2: Name | C2: Country | D2: Organisation | E2: I agree | F2: Very important | G2: Important | H2: Not important | I2: Not relevant | J2: Very important | K2: Important | L2: Not important | M2: Not relevant | N2: Yes | O2: No | P2: Don’t know | Q2: Easy | R2: Somewhat difficult | S2: Very challenging | T2: Don’t know | U2: Open-Ended Response | V2: Open-Ended Response | W2: Very important | X2: Important | Y2: Not important | Z2: Not relevant | AA2: Easy | AB2: Somewhat difficult | AC2: Very challenging | AD2: Not sure | AE2: No experience | AF2: Easy | AG2: Somewhat difficult | AH2: Very challenging | AI2: Not sure | AJ2: No experience | AK2: Easy | AL2: Somewhat difficult | AM2: Very challenging | AN2: Not sure | AO2: No experience | AP2: Yes | AQ2: No | AR2: Not sure | AS2: Control of the board | AT2: Control of operating policies | AU2: Control of capital spending plans | AV2: Other (please specify) | AW2: Yes | AX2: No | AY2: Not sure | AZ2: Other (please specify) | BA2: Open-Ended Response
A3: 118285333708 | B3: Carolyne Kamau | C3: Kenya | D3: CIFF | E3: I agree | F3: Very important | J3: Very important | O3: No | Q3: Easy | U3: In addition to public benefit another consideration is shareholding and the option for shareholders to receive dividends. Where the org constitution makes provision for shareholders dividends even if what they are doing is for the benefit of the public they wouldn't be classified as NPOs | V3: Yes | W3: Very important | AD3: Not sure | AJ3: No experience | AO3: No experience | AR3: Not sure | AS3: Control of the board | AT3: Control of operating policies | AU3: Control of capital spending plans | AV3: What about decision making power at leadership level? E.g. overall decision being held with the CEO? | AW3: Yes
A4: 118285119600 | B4: José Eduardo Acosta | C4: Perú | D4: Consejo Departamental de Lima del Colegio de Ingenieros del Perú | E4: I agree | F4: Very important | J4: Very important | N4: Yes | Q4: Easy | U4: Público al cual se aboca la OSFL | V4: No | W4: Very important | AB4: Somewhat difficult | AI4: Not sure | AN4: Not sure | AP4: Yes | AS4: Control of the board | AT4: Control of operating policies | AU4: Control of capital spending plans | AW4: Yes
A5: 118285042320 | B5: PADAAM | C5: BENIN | D5: PADAAM | E5: I agree | F5: Very important | J5: Very important | O5: No | Q5: Easy | V5: Toutes | W5: Very important | AB5: Somewhat difficult | AH5: Very challenging | AM5: Very challenging | AP5: Yes | AS5: Control of the board | AT5: Control of operating policies | AW5: Yes
A6: 118284408056 | B6: Abhay | C6: India | D6: Not Applicable (Independent Consultant/Researcher) | E6: I agree | F6: Very important | J6: Very important | O6: No | R6: Somewhat difficult | U6: Their modus operandi and circumstantial behavioural will surely show the truth . Still, if it requires then one can see/check whether the surplus has been redirected to the public benefit or for the own luxury ? | V6: Yes to a certain extent. | W6: Very important | AC6: Very challenging | AH6: Very challenging | AM6: Very challenging | AP6: Yes | AT6: Control of operating policies | AU6: Control of capital spending plans | AW6: Yes | BA6: A sense of ownership (as management philosophy says/goes) within those entity or in other words adopted by the stakeholders of the entity.
A7: 118284275875 | B7: NAZHLY TERESA ESCALONA MIQUELENA | C7: VENEZUELA | D7: INDEPENDIENTE | E7: I agree | G7: Important | K7: Important | N7: Yes | Q7: Easy | W7: Very important | AC7: Very challenging | AJ7: No experience | AO7: No experience | AQ7: No | AU7: Control of capital spending plans | AX7: No
A8: 118284275816 | B8: Carmen López | C8: Venezuela | D8: Escritorio Contable Carmen López | E8: I agree | F8: Very important | J8: Very important | N8: Yes | S8: Very challenging | U8: La palabra público limita a un determinado grupo espectador, debe ser una palabara que unifique el lenguaje, más amplio podría ser social aunque suena muy redundante | V8: Todas | W8: Very important | AA8: Easy | AG8: Somewhat difficult | AK8: Easy | AP8: Yes | AU8: Control of capital spending plans | AW8: Yes | BA8: No
A9: 118284249438 | B9: José Heli Parr | C9: Venezuela | D9: Personal | E9: I agree | G9: Important | K9: Important | O9: No | R9: Somewhat difficult | U9: Como incluir organizaciones no legalizadas? | V9: Las organizaciones que realmente prestan beneficios al público | W9: Very important | AB9: Somewhat difficult | AI9: Not sure | AL9: Somewhat difficult | AP9: Yes | AT9: Control of operating policies | AU9: Control of capital spending plans | AW9: Yes
A10: 118284217147 | B10: JOSÉ ENOC CANO | C10: COLOMBIA | D10: CAMARA COLOMBIANA DE ENTIDADES SIN ÁNIMO DE LUCRO | E10: I agree | U10: NPAC is very important, it goes beyond the guide to a valuable code of ethics and transparency | W10: Very important | AD10: Not sure | AH10: Very challenging | AM10: Very challenging | AP10: Yes | AS10: Control of the board | AW10: Yes
A11: 118284215772 | B11: Miguel Marcelo Guamán Calvopiña | C11: Ecuador | D11: M2G | E11: I agree | F11: Very important | J11: Very important | P11: Don’t know | R11: Somewhat difficult | V11: No son entidades gubernamentales o del sector público que deban preparar informes financieros con propósito general según las normas de información financiera del sector público
A12: 118284203781 | B12: carlos gerardo virgen andrade | C12: mexico | D12: personal | E12: I agree | F12: Very important | J12: Very important | O12: No | S12: Very challenging | U12: debe de garantizar el principio de negocio en marcha para la evolucion de la OSFL, sin fin de lucro pero autosuficiente | V12: las que necesiten preparar informacion financiera, sin embargo y mi muy particular punto de vista, todas las entidades que manejan dinero publico, deben de ser transparentes, incluso las de los sindicatos, quienes en su marco regulatorio, estan para beneficio de los agremiados, y son los que ocultan mas informacion a costa de los mismos afiliados | W12: Very important | AA12: Easy | AI12: Not sure | AN12: Not sure | AP12: Yes | AS12: Control of the board | AT12: Control of operating policies | AU12: Control of capital spending plans | AV12: control de los ingresos y su aplicacion y evaluacion del publico sin fines de masas o populares, sino de evaluacion de un antes y un despues de cada individuo beneficiado | AY12: Not sure | BA12: no debe haber control de una OSFL sobre otra, se pueden apoyar entre si, pero no controlar, ni someter en base a si les dan los recursos o no
A13: 118284199643 | B13: Cristina | C13: Venezuela | E13: I agree | F13: Very important | M13: Not relevant | O13: No | T13: Don’t know
A14: 118284151430 | B14: Juan Antonio Enriquez Armendariz | C14: México | D14: Particular | E14: I agree | G14: Important | K14: Important | O14: No | Q14: Easy | U14: Ninguno | V14: No | X14: Important | AE14: No experience | AF14: Easy | AK14: Easy | AP14: Yes | AS14: Control of the board | AT14: Control of operating policies | AU14: Control of capital spending plans | AW14: Yes | BA14: No
A15: 118284139583 | B15: Diadie | C15: Niger | D15: Millenium challenge account | E15: I agree | F15: Very important | K15: Important | N15: Yes | S15: Very challenging | U15: No | V15: Yes | W15: Very important | AD15: Not sure | AH15: Very challenging | AM15: Very challenging | AP15: Yes | AS15: Control of the board | AW15: Yes | BA15: No
A16: 118284123412 | B16: Save the Children International | C16: Burkina Faso | D16: Save the Children International | E16: I agree | G16: Important | J16: Very important | N16: Yes | R16: Somewhat difficult | U16: I do not agree with the description of the non-profit organizations. What about the association providing benefit only to their members and not to any public? The first characteristic need to be rephrased like this: They have the primary objective of providing a benefit to their members and/or to the public. | V16: yes
A17: 118284054808 | B17: Bernal Gomez S. | C17: Costa Rica | D17: Asociacion Educativa | E17: I agree | F17: Very important | J17: Very important | N17: Yes | Q17: Easy | U17: -- | V17: -- | W17: Very important | AB17: Somewhat difficult | AJ17: No experience | AO17: No experience | AR17: Not sure | AS17: Control of the board | AT17: Control of operating policies | AW17: Yes | BA17: --
A18: 118284019454 | B18: Jesus Pizarro | C18: United States | D18: Sunrise Movement | E18: I agree | F18: Very important | J18: Very important | O18: No | R18: Somewhat difficult | U18: I recommend incorporating the GRI Standards and Integrating report to ensure that you include all the public in the materiality assessment. (all stakeholders) | V18: Yes. The intention is to benefit the public, donors, beneficiaries, and all stakeholders. | W18: Very important | AB18: Somewhat difficult | AG18: Somewhat difficult | AL18: Somewhat difficult | AP18: Yes | AS18: Control of the board | AU18: Control of capital spending plans | AV18: Common management, one dominant donors | AY18: Not sure | AZ18: My recommendation is to maintain the same technical term like in for profit accounting. | BA18: Another recommendation is the flow of money. In my experience, when an entity depends on the funding of one donor, then is some way, this entity is the subsidiary of the funding entity.
A19: 118283987676 | B19: JULIA MONICA DE LA VICTORIA POLO | C19: Colombia | D19: FUNDACION Meraki Colces | E19: I agree | F19: Very important | J19: Very important | O19: No | Q19: Easy | U19: The nature of this type of entities is aimed to benefit the communities, either in general or specifically. What determines if it belongs or not, is the non - profit nature | V19: Yes, I understand | W19: Very important | AC19: Very challenging | AH19: Very challenging | AM19: Very challenging | AR19: Not sure | AS19: Control of the board | AW19: Yes
A20: 118283962707 | B20: julio cesar zea lasso | C20: colombia | D20: independiente | E20: I agree | F20: Very important | J20: Very important | O20: No | R20: Somewhat difficult | U20: habría que caracterizar muy bien las organizaciones. | V20: no | X20: Important | AB20: Somewhat difficult | AG20: Somewhat difficult | AL20: Somewhat difficult | AQ20: No | AS20: Control of the board | AV20: no aplica | AW20: Yes | AZ20: no | BA20: caracterizar cada organización
A21: 118283938011 | B21: Mohammad Anwarul Karim | C21: Bangladesh | D21: FRC | E21: I agree | F21: Very important | K21: Important | O21: No | R21: Somewhat difficult | U21: The terms such as 'Public', 'Private', 'Benefit' need to be defined. | V21: Yes | W21: Very important | AB21: Somewhat difficult | AG21: Somewhat difficult | AK21: Easy | AP21: Yes | AS21: Control of the board | AU21: Control of capital spending plans | AW21: Yes
A22: 118283922704 | B22: Ysabel Figueira | C22: Venezuela | E22: I agree | G22: Important | J22: Very important | P22: Don’t know | R22: Somewhat difficult | U22: Entiendo la importancia de "beneficio al público", pero creo que también es más importante el "no distribuir ningún tipo de ganancia a los asociados" | V22: Aquí en Venezuela, pudieran ser varias, desde Colegios Profesionales, Instituciones educativas, instituciones humanitarias, comunidades y otras | W22: Very important | AB22: Somewhat difficult | AJ22: No experience | AO22: No experience | AP22: Yes | AS22: Control of the board | AT22: Control of operating policies | AU22: Control of capital spending plans | AV22: Presupuestos rígidos, toma de decisiones en cabeza de un pequeño grupo | AW22: Yes | BA22: No, no tengo otra sugerencia
A23: 118283773122 | B23: Busha Gemechu | C23: Ethiopia | D23: VSF | E23: I agree | F23: Very important | J23: Very important | N23: Yes | R23: Somewhat difficult | V23: Yes | W23: Very important | AB23: Somewhat difficult | AH23: Very challenging | AM23: Very challenging | AR23: Not sure | AS23: Control of the board | AT23: Control of operating policies | AW23: Yes
A24: 118283749298 | B24: ONECCA MALI | C24: Mali | D24: Organisations à but non lucratif | E24: I agree | F24: Very important | L24: Not important | O24: No | Q24: Easy | U24: Caractéristiques insuffisances pour déterminer si une entité est une OBNL | V24: La question n'est pas précise | W24: Very important | AB24: Somewhat difficult | AG24: Somewhat difficult | AM24: Very challenging | AQ24: No | AS24: Control of the board | AV24: Contrôle juridique | AX24: No
A25: 118283693275 | B25: Cabinet MECA | C25: Senegal | D25: Cabinet d'expertise comptable | E25: I agree | G25: Important | J25: Very important | N25: Yes | R25: Somewhat difficult | U25: Oui, sur le concept d'avantage conféré au public: car une OBNL peut délivrer des avantages à ses membres seulement et pas au public en général | V25: oui | W25: Very important | AA25: Easy | AJ25: No experience | AO25: No experience | AP25: Yes | AS25: Control of the board | AW25: Yes
A26: 118283661003 | B26: Priscilla Abredu | C26: Ghana | D26: International Needs Ghana | E26: I agree | F26: Very important | J26: Very important | O26: No | Q26: Easy | V26: Especially those who prepare accounts using the accrual basis | W26: Very important | AA26: Easy | AF26: Easy | AK26: Easy | AP26: Yes | AS26: Control of the board | AT26: Control of operating policies | AU26: Control of capital spending plans | AW26: Yes
A27: 118283635952 | B27: Rafat Bandak | C27: Palestine | D27: FTS Consulting | E27: I agree | F27: Very important | K27: Important | O27: No | Q27: Easy | U27: No, the NPO will have formation documents and by-laws that will help in this definition to be defined as NPO. | V27: Yes, I understand which NPOs are intended to benefit from INPAG. | X27: Important | AB27: Somewhat difficult | AF27: Easy | AL27: Somewhat difficult | AP27: Yes | AS27: Control of the board | AU27: Control of capital spending plans | AX27: No | BA27: It should be very clear that the NPO practice the best benefit for providing programs to the public with minimize cost and maximize benefit when applying control of another entity.
A28: 118283653420 | B28: SARAH SECKLEY | C28: GHANA | D28: ICAG | E28: I agree | F28: Very important | J28: Very important | O28: No | Q28: Easy | U28: no | V28: No
A29: 118283632584 | B29: Mohamed Khlass | C29: Tunisia | D29: MKAC | E29: I agree | G29: Important | L29: Not important | N29: Yes | R29: Somewhat difficult | U29: Benefit to the public might be direct benefit or indirect benefit, such as the NPO working on promoting environment protection, water saving and other sustainability related aspects, which will serve to public that is "no yet existing". It might also be the case for NPO dedicated to the memory of dead persons, such as war victims, which tries to serve the benefit of currently "no longer existing" public | V29: Yes | W29: Very important | AB29: Somewhat difficult | AI29: Not sure | AN29: Not sure | AP29: Yes | AS29: Control of the board | AT29: Control of operating policies | AU29: Control of capital spending plans | AW29: Yes | BA29: N/A
A30: 118283607716 | B30: Akintoye Olufemi | C30: Nigeria | D30: UNDP | E30: I agree | F30: Very important | J30: Very important | O30: No | Q30: Easy | U30: None | V30: Yes | W30: Very important | AB30: Somewhat difficult | AJ30: No experience | AO30: No experience | AR30: Not sure | AS30: Control of the board | AW30: Yes | BA30: None
A31: 118283603766 | B31: Alex Andwati | C31: CH | D31: The Global Fund | E31: I agree | F31: Very important | J31: Very important | O31: No | R31: Somewhat difficult | U31: I do not have any specific comments | V31: I think the guidance given by the ED is quite clear | X31: Important | AB31: Somewhat difficult | AJ31: No experience | AO31: No experience | AP31: Yes | AS31: Control of the board | AT31: Control of operating policies | AU31: Control of capital spending plans | AW31: Yes | BA31: Not applicable
A32: 118283542073 | B32: Pavel Gamolskiy | C32: Russia | D32: Association "Club of accountants and auditors of non-profit organizations" | E32: I agree | F32: Very important | K32: Important | N32: Yes | R32: Somewhat difficult | U32: Organizations such as associations of property owners or consumer cooperatives, which are created for the personal benefit of their members, are formally classified as NGOs in Russia. It is difficult to decide whether INPAG should be used or not. | V32: Yes | W32: Very important | AB32: Somewhat difficult | AO32: No experience | AR32: Not sure | AS32: Control of the board | AW32: Yes | BA32: No
A33: 118283510339 | B33: Ndiémé PAYE BADIANE | C33: Sénégal | D33: cec afsa | E33: I agree | F33: Very important | J33: Very important | N33: Yes | S33: Very challenging | U33: We propose to add: the NPO should not make pecuniary profit to be shared among its members. | V33: yes | W33: Very important | AB33: Somewhat difficult | AH33: Very challenging | AN33: Not sure | AP33: Yes | AT33: Control of operating policies | AU33: Control of capital spending plans | AW33: Yes
A34: 118283502400 | B34: Cecilia Cassandrah Karikari | C34: Ghana | D34: Institute of chartered accountants ghana | E34: I agree | F34: Very important | J34: Very important | O34: No | Q34: Easy | U34: No comments | V34: Yes
A35: 118283509425 | B35: Philip | C35: Uganda | E35: I agree | F35: Very important | L35: Not important | O35: No | Q35: Easy | V35: Yes | W35: Very important | AA35: Easy | AG35: Somewhat difficult | AL35: Somewhat difficult | AP35: Yes | AV35: Ability to influence staffing hire/ fire & funding acceptance | AW35: Yes
A36: 118283504461 | B36: CABINET ABS | C36: SENEGAL | D36: EXPERTISE COMPTABLE | E36: I agree | F36: Very important | K36: Important | P36: Don’t know | R36: Somewhat difficult | V36: non | Z36: Not relevant | AA36: Easy | AJ36: No experience | AO36: No experience | AQ36: No | AT36: Control of operating policies | AW36: Yes | BA36: non
A37: 118283453461 | B37: David Wortham | C37: United Kingdom | D37: Empacta Training Limited | E37: I agree | F37: Very important | J37: Very important | N37: Yes | R37: Somewhat difficult | U37: I wonder whether "benefit to society" might be a better term that can then encompass benefiting the natural environment and other work? | V37: I believe so | W37: Very important | AB37: Somewhat difficult | AG37: Somewhat difficult | AM37: Very challenging | AP37: Yes | AS37: Control of the board | AT37: Control of operating policies | AW37: Yes | BA37: The overriding principle should be one of function over form. If the practical effect of any type of relationship is that one organisation acts at the behest of or in parallel with another, there is control, regardless of the presence or absence of any legal relationship.
A38: 118283435787 | B38: SP DECOFI | C38: Senégal | D38: SP DECOFI | E38: I agree | F38: Very important | J38: Very important | O38: No | Q38: Easy | U38: Adapté | V38: oui | W38: Very important | AA38: Easy | AG38: Somewhat difficult | AK38: Easy | AP38: Yes | AT38: Control of operating policies | AU38: Control of capital spending plans | AV38: Le contrôle effectif passe par les investissements et les opérations d'exploitation | AW38: Yes
A39: 118283423409 | B39: PASCAL NDAHAYO | C39: Rwanda | D39: Individual consultant | E39: I agree | F39: Very important | J39: Very important | P39: Don’t know | S39: Very challenging | U39: The term benefit to the public will solely describe the NPO because the Public organs also do so . | V39: Yes | W39: Very important | AD39: Not sure | AI39: Not sure | AN39: Not sure | AR39: Not sure | AS39: Control of the board | AT39: Control of operating policies | AW39: Yes
A40: 118283400953 | B40: Barnabas Getu | C40: Ethiopia | D40: DLCO-EA | E40: I agree | F40: Very important | J40: Very important | N40: Yes | R40: Somewhat difficult | U40: International organizations such as funded by member countries contributions should be considered since the legal ground nationally may not make them accountable. you can take my organization Desert Control Organization for the Eastern Africa where all the proposed INPAG guideline is perfect framework but no legal obligation even if INPAG is adopted nationally. | V40: Yes | W40: Very important | AB40: Somewhat difficult | AF40: Easy | AK40: Easy | AR40: Not sure | AS40: Control of the board | AT40: Control of operating policies | AU40: Control of capital spending plans | AW40: Yes | AZ40: Beneficial interest is somewhat not related for the meaning of investment and what is the problem in using investment itself
A41: 118283075303 | B41: Ayebaekipiriye Abaye | C41: Nigeria | D41: Save the children International | E41: I agree | F41: Very important | K41: Important | O41: No | R41: Somewhat difficult | U41: A clause defining "the public'' in this context. Entities that might not necessarily be NPOs might fall under this category | V41: Yes | W41: Very important | AB41: Somewhat difficult | AP41: Yes | AS41: Control of the board | AU41: Control of capital spending plans | AW41: Yes | BA41: ''Individual and corporate Interest" should be clearly documented
A42: 118282872160 | B42: ONG BROOKE | C42: Sénégal | D42: ONG BROOKE | E42: I agree | F42: Very important | K42: Important | O42: No | R42: Somewhat difficult | V42: oui | W42: Very important | AB42: Somewhat difficult | AG42: Somewhat difficult | AL42: Somewhat difficult | AP42: Yes | AT42: Control of operating policies | AX42: No
A43: 118282688119 | B43: PSI | C43: Madagascar | D43: PSI | E43: I agree | F43: Very important | J43: Very important | P43: Don’t know | R43: Somewhat difficult
A44: 118282677952 | B44: UR | C44: RWANDA | D44: UR | E44: I agree | F44: Very important | K44: Important | N44: Yes | Q44: Easy | U44: L'utilisation des characteristiques utilises est tres importante | V44: oui | X44: Important | AB44: Somewhat difficult | AF44: Easy | AN44: Not sure | AQ44: No | AT44: Control of operating policies | AW44: Yes | BA44: ca suffit
A45: 118282655036 | B45: Temitope Akinola | C45: Nigeria | E45: I agree | F45: Very important | J45: Very important | N45: Yes | Q45: Easy | V45: no | X45: Important | AD45: Not sure | AG45: Somewhat difficult | AT45: Control of operating policies
A46: 118282639498 | B46: Rohat Zada | C46: Iraq | D46: Catholic University in Erbil | E46: I agree | F46: Very important | J46: Very important | O46: No | S46: Very challenging | V46: NGOs | X46: Important | AB46: Somewhat difficult | AG46: Somewhat difficult | AL46: Somewhat difficult | AR46: Not sure | AS46: Control of the board | AT46: Control of operating policies | AU46: Control of capital spending plans | AY46: Not sure
A47: 118282552211 | B47: Luis Acosta Peche | C47: Peru | D47: Russell Bedford Peru | E47: I agree | F47: Very important | M47: Not relevant | P47: Don’t know | T47: Don’t know | U47: Some government-run entities carry out activities that may match the characteristic of "providing a benefit to the public" but are not considered NPOs | V47: yes | W47: Very important | AC47: Very challenging | AG47: Somewhat difficult | AL47: Somewhat difficult | AR47: Not sure | AT47: Control of operating policies | AU47: Control of capital spending plans | AW47: Yes
A48: 118282422706 | B48: Sizwile Sibindi | C48: South Africa | D48: Financing Alliance for Health | E48: I agree | F48: Very important | K48: Important | O48: No | R48: Somewhat difficult | U48: How are social enterprises classified? Some benefit the public but don't have 501c3 equivalent registration. | V48: Yes | W48: Very important | AB48: Somewhat difficult | AG48: Somewhat difficult | AM48: Very challenging | AQ48: No | AS48: Control of the board | AT48: Control of operating policies | AU48: Control of capital spending plans | AW48: Yes
A49: 118282455584 | B49: caroline kariuki | C49: Kenya | E49: I agree | F49: Very important | K49: Important | N49: Yes | R49: Somewhat difficult | U49: There are some organisations that are not necessarily like social enterprises registered as company limited . Also many churches are not registered as NPOs and falls outside jurisdiction of NGO regulations, the same with CBOs yet they should be part of INPAG | V49: Yes am aware | W49: Very important | AB49: Somewhat difficult | AH49: Very challenging | AM49: Very challenging | AP49: Yes | AS49: Control of the board | AV49: Control in share holding and funding | AW49: Yes | BA49: There are organisations ( philanthropies) that have multiple companies which control different entities, this complicates the issue of control. Also some international bodies have country programs which might might not local boards but are registered to comply with local registrations hence complicating the issue of control further.
A50: 118282400713 | B50: Lamin N'jai | C50: Switzerland | D50: Global Fund | E50: I agree | F50: Very important | J50: Very important | O50: No | Q50: Easy | U50: None | V50: Yes- it is all-encompassing as it recognizes where cost may exceed the benefit of adopting accrual basis due to size of entity considerations, inter-alia | W50: Very important | AC50: Very challenging | AF50: Easy | AK50: Easy | AP50: Yes | AS50: Control of the board | AT50: Control of operating policies | AU50: Control of capital spending plans | AW50: Yes | BA50: None
A51: 118282404477 | B51: Nigel Davies | C51: United Kingdom | D51: PAG member | E51: I agree | F51: Very important | J51: Very important | O51: No | R51: Somewhat difficult | U51: Public benefit needs broadly defining so that co-operatives, credit unions and mutual organisations can be considered NPOs. Membership implies a section of the public and that private benefit may rise- in the UK any private benefit in the context of charities is necessary and incidental but for INPAG perhaps a lesser test of public benefit to non-members is greater than member only benefits | V51: Yes those requiring full IFRS or having a cash accounting option are excluded | W51: Very important | AC51: Very challenging | AF51: Easy | AL51: Somewhat difficult | AP51: Yes | AS51: Control of the board | AT51: Control of operating policies | AW51: Yes | BA51: The reference to returns is a bit restrictive as benefits may be non-financial would prefer: 'the ability to use its power over the entity to affect the amount of its returns or direct the operations of the entity to further its own purposes(objects)'
A52: 118282399421 | B52: Mutala Mohammed | C52: Ghana | D52: Bean Counters | E52: I agree | F52: Very important | J52: Very important | O52: No | Q52: Easy | U52: No | V52: Yes | W52: Very important | AA52: Easy | AF52: Easy | AK52: Easy | AP52: Yes | AS52: Control of the board | AT52: Control of operating policies | AU52: Control of capital spending plans | AW52: Yes | BA52: No
A53: 118282137169 | B53: Amelaku Belay Teka | C53: Ethiopia | D53: Debre Tabor University | E53: I agree | F53: Very important | K53: Important | O53: No | S53: Very challenging | U53: Since all entities have a public interest, it is better to point out the extent to which NPOs provide public benefit as a distinguishing characteristic. | V53: Yes | W53: Very important | AB53: Somewhat difficult | AG53: Somewhat difficult | AL53: Somewhat difficult | AP53: Yes | AS53: Control of the board | AT53: Control of operating policies | AX53: No
A54: 118281980290 | B54: Melisa 3 | C54: USA | E54: I agree | F54: Very important | J54: Very important | O54: No | R54: Somewhat difficult
A55: 118281900857 | B55: Hilda Hakiza | C55: Uganda | D55: Financial Management Consultant & Trainer | E55: I agree | F55: Very important | K55: Important | O55: No | Q55: Easy | U55: No, it is satisfactory | V55: yes | X55: Important | AD55: Not sure | AI55: Not sure | AN55: Not sure | AR55: Not sure | AS55: Control of the board | AU55: Control of capital spending plans | AW55: Yes
A56: 118281646278 | B56: Owen Jones | C56: UK | D56: Unit4 | E56: I agree | G56: Important | J56: Very important | P56: Don’t know | R56: Somewhat difficult | U56: Overlaps with Public Sector may be unavoidable and could cause some ambiguity. Benefit to public may be a secondary cause for some NPOs missions | V56: Yes | W56: Very important | AB56: Somewhat difficult | AG56: Somewhat difficult | AO56: No experience | AP56: Yes | AS56: Control of the board | AT56: Control of operating policies | AU56: Control of capital spending plans | AW56: Yes
A57: 118281466271 | B57: Sarah Roggemann | C57: United States | D57: Wildlife Conservation Society | E57: I agree | F57: Very important | J57: Very important | O57: No | R57: Somewhat difficult | U57: Only that "benefit to the public" might be a bit vague/confusing, and that it might be helpful to clarify exactly what is meant by "the public." Other responses have suggested wording such as "delivering social good...for the benefit of society or the environment", which I think helps. | V57: Yes | W57: Very important | AE57: No experience | AG57: Somewhat difficult | AO57: No experience | AP57: Yes | AS57: Control of the board | AT57: Control of operating policies | AU57: Control of capital spending plans | AW57: Yes
A58: 118281428257 | C58: senegal | E58: I agree | F58: Very important | J58: Very important | O58: No | Q58: Easy | V58: non | W58: Very important | AA58: Easy | AI58: Not sure | AN58: Not sure | AP58: Yes | AS58: Control of the board | AT58: Control of operating policies | AU58: Control of capital spending plans | AX58: No | AZ58: interet participant : le terme beneficiaire rendant limite le role du beneficiaire des fonds ou de l'appui technique comme | BA58: audit obligatoire suivant un plafond des fonds reçus
A59: 118276798187 | B59: Luis Carlos Ramos Contreras | C59: Bolivia | D59: AUDIRAMOSCONSULT S.R.L.; Auditores Consultores MUltidisciplinarios | E59: I agree | F59: Very important | J59: Very important | O59: No | Q59: Easy | U59: The NPO, its social purpose must be established in its legal situation (Legal Personality), the social purpose in benefit of the community or Society and the difference must be considered with other entities for example of the State, Nation, Republic of a Country that also has the constitutional obligation of benefit to its inhabitants or Sovereign. Very different from an NPO. The resources received must be interpreted with a restricted, temporary and conditional character. On these premises, confidence would be offered to the Society and benefactors of resources with the objective that the nonprofit organizations comply with their social purpose. The assurance that the external resources are correctly executed should be through public accountability to society, benefactors and the State. | V59: The Open Society Foundations, la Fundación Ford, la Fundación Oak y la Fundación Wellspring | W59: Very important | AC59: Very challenging | AH59: Very challenging | AM59: Very challenging | AP59: Yes | AS59: Control of the board | AV59: Internal control system implemented in the NPO, under the responsibility of the management. | AW59: Yes | AZ59: Controlling NPO | BA59: Be set forth in its legal form.
A60: 118281259501 | B60: Namatai Moyo | C60: Zimbabwe | D60: Kindernothilfe e.V. | E60: I agree | F60: Very important | L60: Not important | O60: No | Q60: Easy | U60: Maybe to also, state that we are assisting or complimenting the government of the country in providing public benefit. | V60: Yes. | W60: Very important | AA60: Easy | AG60: Somewhat difficult | AK60: Easy | AP60: Yes | AS60: Control of the board | AT60: Control of operating policies | AW60: Yes | BA60: Having a similar chart of accounts in place for both entities.
A61: 118276490038 | B61: Dimas choga | C61: Zimbabwe | D61: Intrahealth | E61: I agree | F61: Very important | J61: Very important | N61: Yes | R61: Somewhat difficult | U61: Public is to wide of term...consisting of different classes of people which NPO dont focus one | V61: Which focus on vulnerable or infected or affected vulnerable members of society | W61: Very important | AA61: Easy | AF61: Easy | AM61: Very challenging | AP61: Yes | AS61: Control of the board | AT61: Control of operating policies | AV61: Donor terms and conditions | AW61: Yes | BA61: Common ground
A62: 118278544699 | B62: Mehmet Abdulhayoglu | C62: Turkey | E62: I agree | F62: Very important | K62: Important | O62: No | R62: Somewhat difficult | U62: The benefit to the public shall be broad so it may include not only material but also moral benefits. | V62: Yes | W62: Very important | AA62: Easy | AG62: Somewhat difficult | AK62: Easy | AR62: Not sure | AS62: Control of the board | AU62: Control of capital spending plans | AW62: Yes | BA62: The legal relation between the entities may affect the control. Fore example if a NPO expanded its operations overseas and the external branch is legally connected with the main branch, and all the contractual commitments passed to the sub-branch via the the main branch so there is a control from the main branch to the florigen subsidiary. So legal relation may be considered as factor of judgment.
A63: 118280577616 | B63: Emmanuel Ikotun | C63: Nigeria | D63: Daikot | E63: I agree | J63: Very important | O63: No | Q63: Easy | U63: NPO should be seen to be providing benefits to the public with the objective to ensuring that members of the public are not exploited. | V63: Yes | W63: Very important | AC63: Very challenging | AH63: Very challenging | AM63: Very challenging | AR63: Not sure | AS63: Control of the board | AT63: Control of operating policies | AU63: Control of capital spending plans | AW63: Yes
A64: 118280446207 | B64: Musa Folorunsho Lawal | C64: Nigeria | D64: HUMRES | E64: I agree | F64: Very important | J64: Very important | O64: No | Q64: Easy | U64: No | V64: Yes | Y64: Not important | AB64: Somewhat difficult | AH64: Very challenging | AL64: Somewhat difficult | AQ64: No | AT64: Control of operating policies | AW64: Yes | BA64: No
A65: 118280407160 | B65: Aliyu Shehu | C65: Nigeria | E65: I agree | F65: Very important | J65: Very important | O65: No | T65: Don’t know | U65: No comment | V65: Yes | W65: Very important | AC65: Very challenging | AI65: Not sure | AN65: Not sure | AP65: Yes | AS65: Control of the board | AW65: Yes | BA65: No
A66: 118280320503 | B66: Victor Mosaku | C66: Nigeria | E66: I agree | F66: Very important | J66: Very important | N66: Yes | S66: Very challenging | U66: It can be challenging identifying entities purely on the basis of providing benefit to the public alone. This is so because, most entity whether profit or NPO would claim to be providing benfit to the public | V66: yes | W66: Very important | AB66: Somewhat difficult | AF66: Easy | AL66: Somewhat difficult | AQ66: No | AS66: Control of the board | AU66: Control of capital spending plans | AW66: Yes | BA66: no
A67: 118280200045 | C67: Ghana | E67: I agree | F67: Very important | K67: Important | N67: Yes | Q67: Easy | U67: I believe the criteria that entities must display ALL the characteristics listed in the Invitation to Comment document will exclude entities such as welfare clubs and homeowner associations as they do not provide benefits to the public but to their members. These entities will benefit from INPAG. | V67: Yes, I do. | W67: Very important | AB67: Somewhat difficult | AF67: Easy | AK67: Easy | AR67: Not sure | AS67: Control of the board | AU67: Control of capital spending plans | AW67: Yes | BA67: No.
A68: 118280220093 | B68: Matthew Jacob Gadzama | C68: Nigeria | D68: International Rescue Committee | E68: I agree | F68: Very important | J68: Very important | N68: Yes | T68: Don’t know
A69: 118280192400 | B69: Francis Kpanaki | C69: Nigeria | D69: Ijewere and co chartered accountant | E69: I agree | F69: Very important | J69: Very important | O69: No | R69: Somewhat difficult | V69: yes | W69: Very important | AD69: Not sure | AI69: Not sure | AL69: Somewhat difficult | AQ69: No | AS69: Control of the board | AY69: Not sure
A70: 118280184368 | B70: Vivian Oraemesi | C70: Nigeria | D70: Andersen | E70: I agree | F70: Very important | K70: Important | P70: Don’t know | R70: Somewhat difficult | V70: no
A71: 118280178641 | B71: Martins Nuel Adewumi | C71: Nigeria | D71: Nuel Martins Professional Serviced | E71: I agree | F71: Very important | J71: Very important | O71: No | R71: Somewhat difficult | U71: No comments | V71: Need some briefs. | W71: Very important | AB71: Somewhat difficult | AG71: Somewhat difficult | AL71: Somewhat difficult | AP71: Yes | AS71: Control of the board | AT71: Control of operating policies | AU71: Control of capital spending plans | AW71: Yes | BA71: Non for now
A72: 118280181162 | C72: Nigeria | E72: I agree | F72: Very important | J72: Very important | P72: Don’t know | R72: Somewhat difficult | U72: no | V72: no
A73: 118280172805 | C73: Nigeria | E73: I agree | F73: Very important | J73: Very important | N73: Yes | R73: Somewhat difficult | U73: there has to be a clearcut definition of who or what entails 'public' in the phrase 'benefit to the public' to determine whether an entity is an NPO | V73: Yes
A74: 118280136731 | B74: Simon Lloyd | C74: United Kingdom | D74: Multiple charities | E74: I agree | G74: Important | K74: Important | N74: Yes | T74: Don’t know | U74: I was surprised by the definition. This is a document for finance professionals and, therefore, I expected a definition of NPO to include financial criteria. In particular to reflect that the constitution of the organisation confirms that there is no return to "shareholders". I assume the standards will apply to charities and some "social enterprises", so I expect the characteristics to align with the financial criteria of those organisations. Public to me suggests people; NPOs working to improve the Biosphere (UN SDGs 6, 13, 14 & 15), I assume are intended to be included. I would prefer something that ties the charitable benefit to financial criteria - breaking even over the longer term, need for reserves and no shareholder benefit | V74: Yes. It is only on page 9, however, that you explain very small organisations may choose not adopt to INPAG and continue cash accounting. On page 4 the benefits of accrual accounting are promoted. May be a mention of continuing to apply cash accounting for smaller entities should be addressed earlier in the document. | X74: Important | AB74: Somewhat difficult | AG74: Somewhat difficult | AL74: Somewhat difficult | AR74: Not sure | AS74: Control of the board | AT74: Control of operating policies | AU74: Control of capital spending plans | AV74: Being a significant donor to an organisation | AY74: Not sure | BA74: This looks like a "can of worms", which could be open to wide and inconsistent interpretation. I can think of two NPO's I have been closely involved with that would struggle to apply this.
A75: 118280106835 | B75: SAMUEL HAMMOND | C75: Ghana | D75: PKF | E75: I agree | F75: Very important | K75: Important | O75: No | Q75: Easy | U75: No | V75: Yes | W75: Very important | AA75: Easy | AH75: Very challenging | AK75: Easy | AP75: Yes | AS75: Control of the board | AW75: Yes | BA75: No
A76: 118280087418 | B76: Elvis G Afare | C76: Ghana | D76: CARE INT | E76: I agree | F76: Very important | J76: Very important | O76: No | Q76: Easy | U76: No | V76: Yes | W76: Very important | AB76: Somewhat difficult | AG76: Somewhat difficult | AL76: Somewhat difficult | AQ76: No | AS76: Control of the board | AW76: Yes | BA76: No
A77: 118279636922 | B77: John Perlas N Quarcoopome | C77: Ghana | D77: Just Quist Consult | E77: I agree | F77: Very important | J77: Very important | O77: No | Q77: Easy | U77: Yes, it's about the characteristic "benefit to the public " definition that does not seems definitive and am concerned it may be abused. | V77: Yes | W77: Very important | AB77: Somewhat difficult | AF77: Easy | AK77: Easy | AP77: Yes | AS77: Control of the board | AT77: Control of operating policies | AU77: Control of capital spending plans | AW77: Yes | BA77: Not now
A78: 118279447605 | B78: Helena Wilkisnon | C78: UK | D78: Price Bailey LLP | E78: I agree | G78: Important | K78: Important | O78: No | R78: Somewhat difficult | V78: Yes, similar to definitions already in use in UK | W78: Very important | AA78: Easy | AG78: Somewhat difficult | AL78: Somewhat difficult | AP78: Yes | AS78: Control of the board | AT78: Control of operating policies | AX78: No | AZ78: Parent, subsidiary and investment are more commonly applied | BA78: It would be helpful to have more definition of associations and umbrella bodies which do not create groups and subsidiaries where they operate under a common branding for instance
A79: 118279118112 | B79: Juko Sara | C79: Uganda | D79: Tutapona | E79: I agree | F79: Very important | L79: Not important | O79: No | Q79: Easy | U79: None yet | V79: All non profit organizations whether international or local
A80: 118278532978 | B80: Ebube Anaduaka | C80: United Kingdom | D80: EY | E80: I agree | G80: Important | L80: Not important | O80: No | R80: Somewhat difficult | U80: N/A | V80: Yes. Charities, community organisations etc. | X80: Important | AB80: Somewhat difficult | AG80: Somewhat difficult | AL80: Somewhat difficult | AQ80: No | AS80: Control of the board | AT80: Control of operating policies | AX80: No | BA80: No
A81: 118278271388 | B81: Brian D'Amboise | C81: Canada | D81: Brian G. D'Amboise Chartered Professional Accountant | E81: I agree | G81: Important | K81: Important | N81: Yes | R81: Somewhat difficult | U81: There are some NPO's that indirectly provide a public benefit but is more focussed on the benefits to its members e.g. organization who performs joint research. | V81: I have not yet reviewed.
A82: 118278060738 | B82: Mark Jerome | C82: South Korea | D82: Green Climate Fund | E82: I agree | G82: Important | K82: Important | O82: No | R82: Somewhat difficult | U82: Not at this stage | V82: In general, yes. There will be some questions at the margins, both top (should an entity apply IFRS or INPAG) and bottom (should an entity apply INPAG or cash-based accounting); however, I do not think it is possible to develop a useful system that does not have such blurred margins. | W82: Very important | AB82: Somewhat difficult | AG82: Somewhat difficult | AL82: Somewhat difficult | AP82: Yes | AT82: Control of operating policies | AU82: Control of capital spending plans | AW82: Yes | BA82: Not at this stage
A83: 118277314047 | B83: ROEL ESTEBAN LUCAS | C83: Philippines | D83: SGV & Co. (EY Philippines) | E83: I agree | G83: Important | K83: Important | N83: Yes | R83: Somewhat difficult | U83: None | V83: Yes | W83: Very important | AB83: Somewhat difficult | AG83: Somewhat difficult | AL83: Somewhat difficult | AP83: Yes | AS83: Control of the board | AT83: Control of operating policies | AU83: Control of capital spending plans | AW83: Yes | BA83: None
A84: 118277183502 | B84: NDAYISENGA JADON THEONESTE | C84: RWANDA | D84: INSTITUTE OF CERTIFIED PUBLIC ACCOUNTANTS OF RWANDA | E84: I agree | F84: Very important | J84: Very important | N84: Yes | S84: Very challenging | U84: INPG is more important for public accountability | V84: Not yet | W84: Very important | AC84: Very challenging | AG84: Somewhat difficult | AO84: No experience | AP84: Yes | AT84: Control of operating policies | AV84: N/A | AW84: Yes | BA84: No
A85: 118277101079 | B85: N | C85: Uganda | E85: I agree | F85: Very important | J85: Very important | O85: No | S85: Very challenging | U85: no | V85: yes
A86: 118277069618 | B86: Annet Karungi | C86: Uganda | E86: I agree | F86: Very important | J86: Very important | O86: No | R86: Somewhat difficult | U86: The term benefit differs as some could harm a fraction of the public and benefit some. | V86: Yes | W86: Very important | AB86: Somewhat difficult | AG86: Somewhat difficult | AL86: Somewhat difficult | AP86: Yes | AT86: Control of operating policies | AU86: Control of capital spending plans | AW86: Yes | BA86: N/A
A87: 118277065980 | B87: Ajoku Benard Jothan | C87: Uganda | D87: Kulika Uganda | E87: I agree | F87: Very important | L87: Not important | N87: Yes | S87: Very challenging | U87: We may have classify NPO because in Uganda pentcostal churches are registered as NPOs for them them operate. We could think of NPOs that are humanitarian who purely operate on donor funding and then those that are not into humantarian work like churches | V87: Yes | W87: Very important | AC87: Very challenging | AG87: Somewhat difficult | AN87: Not sure | AP87: Yes | AT87: Control of operating policies | AW87: Yes | BA87: Consider mutual interests and values
A88: 118277060276 | B88: Aragaw Hailu Mengesha | C88: Ethiopia | D88: LPI | E88: I agree | F88: Very important | K88: Important | N88: Yes | S88: Very challenging | U88: No additional. | V88: All NPOs. | W88: Very important | AA88: Easy | AF88: Easy | AK88: Easy | AP88: Yes | AS88: Control of the board | AT88: Control of operating policies | AU88: Control of capital spending plans | AW88: Yes | BA88: No.
A89: 118277032156 | B89: Abdul Lumala | C89: Uganda | D89: KPMG | E89: I agree | F89: Very important | K89: Important | Q89: Easy | W89: Very important | AB89: Somewhat difficult | AF89: Easy | AL89: Somewhat difficult | AP89: Yes | AS89: Control of the board | AT89: Control of operating policies | AU89: Control of capital spending plans | AW89: Yes
A90: 118276543162 | B90: Darwin | C90: Ethiopia | D90: Arsi university | E90: I agree | F90: Very important | K90: Important | N90: Yes | S90: Very challenging | V90: All non public organization | W90: Very important | AA90: Easy | AG90: Somewhat difficult | AK90: Easy | AP90: Yes | AT90: Control of operating policies | AW90: Yes
A91: 118276517900 | B91: Susana Yene Chimy Awasom | C91: Cameroon | D91: NASLA | E91: I agree | F91: Very important | K91: Important | N91: Yes | R91: Somewhat difficult | U91: Founders of NGOs need to be rewarded for their goodwill and initiative, how then do we call the rewards to their goodwill as assets. | V91: No | W91: Very important | AD91: Not sure | AI91: Not sure | AN91: Not sure | AR91: Not sure | AT91: Control of operating policies | AX91: No | BA91: Not yet
A92: 118276521473 | B92: CALLEB OTIENO OKOYO | C92: Kenya | D92: Africa Led Movement Consortium (Options, ActionAid, AMREF, Population Council and University of Portsmouth) | E92: I agree | F92: Very important | J92: Very important | O92: No | Q92: Easy | V92: no
A93: 118276505694 | B93: Tom Espley | C93: UK | E93: I agree | G93: Important | J93: Very important | N93: Yes | R93: Somewhat difficult | U93: The concept that public benefit can be broad or narrow, while still maintaining status as an NPO is very important. | V93: yes I am confused that some entities use full IFRS or equivalent fall outside of INPAG. My knowledge may be outdated, but as i understand IFRS is focused on concepts of profit and return - so wouldn't be applicable to even large non-profit organisations. eg even large NPO's need to report on fund accounting, if they are to correctly communicate their financail position and performance - but i don't think this is not covered under IFRS | X93: Important | AA93: Easy | AG93: Somewhat difficult | AM93: Very challenging | AP93: Yes | AS93: Control of the board | AT93: Control of operating policies | AY93: Not sure | AZ93: I agree - except "beneficial interest" - NPO's don't direct "benefit" from their participation. it's more about determining the desired outcomes a sub-entity has. | BA93: Does the controlling entity have to seek permission from - another party (through agm or similar) Can another party veto the direction a controlling entity gives?
A94: 118276147342 | B94: Lydia ADENAIKE | C94: Nigeria | D94: Olukayode Olupayimo & Co Chartered Accountants | E94: I agree | F94: Very important | K94: Important | O94: No | Q94: Easy | U94: I believe that NPOs embarked on the mission for at least 2 reasons. First for an individual/group/family/community's fulfilment of purpose and the other, to serve the benefit of the public. Therefore, an NPO will be fulfilling her purpose if the its underlinings isnt to benefit the public | V94: Yes | W94: Very important | AB94: Somewhat difficult | AG94: Somewhat difficult | AL94: Somewhat difficult | AP94: Yes | AT94: Control of operating policies | AW94: Yes | BA94: The principle of consistency must be observed all the
A95: 118276039806 | B95: Neha Kaushik | C95: India | D95: Self | E95: I agree | F95: Very important | K95: Important | N95: Yes | R95: Somewhat difficult | U95: An NPO is an organization that works for the benefit of the public, that is with a sense of social impact in mind. However, this entity may also a profit motive in mind. For example an institution that is engaged in training /capacity building of grassroot accountants/finance personnel. This will have a social impact of improving the financial practices within the NPO sector but such organization may charge fees for providing this service which may have a margin more than its costs. | V95: All grant making and receiving organizations | W95: Very important | AB95: Somewhat difficult | AI95: Not sure | AN95: Not sure | AP95: Yes | AT95: Control of operating policies | AU95: Control of capital spending plans | AW95: Yes
A96: 118274964961 | B96: Atef Mohamed | C96: Egypt | D96: MEK foundation | E96: I agree | F96: Very important | J96: Very important | O96: No | Q96: Easy | U96: no | V96: yes | W96: Very important | AB96: Somewhat difficult | AF96: Easy | AK96: Easy | AP96: Yes | AS96: Control of the board | AX96: No | BA96: no
A97: 118274608720 | B97: Jose Leonardo Milan | C97: Venezuela | D97: Asociacion civil ajedrez en la Plaza | E97: I agree | F97: Very important | K97: Important | N97: Yes | R97: Somewhat difficult | V97: Sí. Principalmente las basadas en donaciones monetarias o en Activos de terceros para poder financiar sus actividades. | W97: Very important | AB97: Somewhat difficult | AF97: Easy | AK97: Easy | AP97: Yes | AT97: Control of operating policies | AU97: Control of capital spending plans | AW97: Yes
A98: 118274076180 | B98: José Torres Solari | C98: Perú | D98: APOYO A PROGRAMAS DE POBLACION - APROPO | E98: I agree | F98: Very important | J98: Very important | O98: No | T98: Don’t know | U98: El beneficio al publico debe ser una de las caracteristicas principales de una OSFL incluso debe constar en el estatuto de constitución u origen de dicha entidad pues como OSFL estará ademas exonerada de algunos impuestos, asi, de realizar alguna actividad comercial que le genere superavit's podra aplicar éstos a su actividad social o de beneficio público (en caso de tratarse de entidades autosostenibles), sin embargo, aun en caso de no contar con una operación que le permita autosostenibilidad las OSAL deberían contar obligatoriamente con un fin social o de beneficio público, pues de no tenerlo, bien podrían ser entidades lucrativas. | V98: si, las que contabilizan y presentan EEFF sobre la base de acumulación | X98: Important | AA98: Easy | AI98: Not sure | AL98: Somewhat difficult | AP98: Yes | AS98: Control of the board | AT98: Control of operating policies | AU98: Control of capital spending plans | AW98: Yes | BA98: Las normas sobre precios de transferencia definen criterios para establecer "vinculación" entre entidades o personas, estos parámetros además son una guía mucho más clara para determinar "quien controla a quién", tal vez se puede adoptar éste capitulo que las normas de precios de transferencia ya tienen implementado.
A99: 118273765365 | B99: Satyajit Saha | C99: Bangladesh | D99: NETZ Partnership for Development and Justice | E99: I agree | F99: Very important | K99: Important | N99: Yes | Q99: Easy | U99: The benefit to public should have a proper definition. A rich person in the society is also a public. NPO should not have any mandate to serve a rich person of the community. | V99: The NPOs work only for development issues. NPOS that do business for further growth should not get benefit from INPAG. | W99: Very important | AB99: Somewhat difficult | AG99: Somewhat difficult | AL99: Somewhat difficult | AR99: Not sure | AS99: Control of the board | AT99: Control of operating policies | AY99: Not sure | BA99: Rightly now not
A100: 118273246706 | C100: USA | E100: I agree | F100: Very important | J100: Very important | N100: Yes | R100: Somewhat difficult
...

Sheet Concepts & principles
A1: Respondent ID | B1: Please input your information. Only your country information is a requirement, but personal information is helpful for our analysis if you are willing to provide it. | E1: Any personal information you have provided will only be held for the purposes of developing INPAG. You may withdraw your consent for us to hold any of your personal information at any time here, or email ifr4npo@cipfa.org. | F1: How important are these primary users of NPO general-purpose financial reports? (p10) | U1: How important is the following information to primary users for decision making and accountability? (p10) | AJ1: How important are the following characteristics of financial and non-financial information, for decision making and accountability? (p14) | BB1: How important is it that INPAG includes the concept of ‘service potential’ where an NPO holds assets to deliver its mission rather than to generate financial returns? (p18) | BE1: The IFRS for SMEs Accounting Standard includes provisions for 'undue cost and effort'. This makes certain requirements not applicable, if they would result in excessive costs or efforts compared to the benefits to users of providing the information. Should this be kept in INPAG? | BH1: How important is it that INPAG includes the concept of ‘service potential’ where an NPO holds assets to deliver its mission rather than to generate financial returns? (p13) | BK1: How easy is it to find the information that you want in INPAG? Is the structure easy to follow? (p26) | BN1: Do you have any other comments (including regulatory, assurance or cost/benefit) relating to this INPAG Exposure Draft 1?
B2: Name | C2: Country | D2: Organisation | E2: I agree | F2: Grantors / donors - Very important | G2: Grantors / donors - Important | H2: Grantors / donors - Less Important | I2: Service recipients / beneficiaries - Very important | J2: Service recipients / beneficiaries - Important | K2: Service recipients / beneficiaries - Less Important | L2: Banks / suppliers - Very important | M2: Banks / suppliers - Important | N2: Banks / suppliers - Less Important | O2: Tax authorities / Regulators - Very important | P2: Tax authorities / Regulators - Important | Q2: Tax authorities / Regulators - Less Important | R2: Civil society - Very important | S2: Civil society - Important | T2: Civil society - Less Important | U2: NPO’s objectives and what it has achieved - Very important | V2: NPO’s objectives and what it has achieved - Important | W2: NPO’s objectives and what it has achieved - Less important | X2: Long term plans - Very important | Y2: Long term plans - Important | Z2: Long term plans - Less important | AA2: Analysis of the financial statements - Very important | AB2: Analysis of the financial statements - Important | AC2: Analysis of the financial statements - Less important | AD2: Nature of restricted funds - Very important | AE2: Nature of restricted funds - Important | AF2: Nature of restricted funds - Less important | AG2: Risks and uncertainties - Very important | AH2: Risks and uncertainties - Important | AI2: Risks and uncertainties - Less important | AJ2: Faithfully represented - Very important | AK2: Faithfully represented - Important | AL2: Faithfully represented - Less important | AM2: Relevant - Very important | AN2: Relevant - Important | AO2: Relevant - Less important | AP2: Comparable - Very important | AQ2: Comparable - Important | AR2: Comparable - Less important | AS2: Verifiable - Very important | AT2: Verifiable - Important | AU2: Verifiable - Less important | AV2: Timely - Very important | AW2: Timely - Important | AX2: Timely - Less important | AY2: Understandable - Very important | AZ2: Understandable - Important | BA2: Understandable - Less important | BB2: Very important | BC2: Important | BD2: Not important | BE2: Yes, keep it | BF2: No, remove it | BG2: I am not sure | BH2: Important | BI2: Not important | BJ2: Not relevant | BK2: Easy | BL2: Reasonable | BM2: Difficult | BN2: Open-Ended Response
A3: 114284253131 | B3: Carolyne Kamau | C3: Kenya | D3: CIFF | E3: I agree | F3: Very important | K3: Less Important | M3: Important | O3: Very important | R3: Very important | U3: Very important | X3: Very important | AA3: Very important | AE3: Important | AG3: Very important | AK3: Important | AN3: Important | AP3: Very important | AS3: Very important | AV3: Very important | AY3: Very important | BC3: Important | BE3: Yes, keep it | BH3: Important | BK3: Easy
A4: 114284016637 | B4: José Eduardo Acosta R P | C4: Perú | D4: PharusData SACS | E4: I agree | F4: Very important | I4: Very important | L4: Very important | O4: Very important | R4: Very important | U4: Very important | X4: Very important | AA4: Very important | AD4: Very important | AG4: Very important | AJ4: Very important | AM4: Very important | AP4: Very important | AS4: Very important | AV4: Very important | AY4: Very important | BB4: Very important | BE4: Yes, keep it | BH4: Important | BK4: Easy | BN4: ¿Se prevé instituciones tales como los colegios profesionales?
A5: 114283329015 | B5: Carmen López | C5: Venezuela | D5: Escritorio COntable Carmen López | E5: I agree | F5: Very important | I5: Very important | L5: Very important | O5: Very important | R5: Very important | U5: Very important | X5: Very important | AA5: Very important | AD5: Very important | AG5: Very important | AJ5: Very important | AM5: Very important | AP5: Very important | AS5: Very important | AV5: Very important | AY5: Very important | BB5: Very important | BG5: I am not sure | BH5: Important | BK5: Easy | BN5: No
A6: 114283263932 | B6: carlos virgen | C6: mexico | D6: personal | E6: I agree | F6: Very important | I6: Very important | L6: Very important | O6: Very important | R6: Very important | U6: Very important | X6: Very important | AA6: Very important | AD6: Very important | AG6: Very important | AJ6: Very important | AM6: Very important | AP6: Very important | AS6: Very important | AV6: Very important | AY6: Very important | BB6: Very important | BG6: I am not sure | BH6: Important | BL6: Reasonable | BN6: se debe evaluar la capacitacion para la verdadera explotacion del proyecto y con eso garantizar un manejo eficiente de todos los recursos
A7: 114283214937 | B7: Juan Enriquez | C7: México | D7: Particular | E7: I agree | G7: Important | J7: Important | L7: Very important | O7: Very important | R7: Very important | U7: Very important | X7: Very important | AA7: Very important | AD7: Very important | AG7: Very important | AJ7: Very important | AM7: Very important | AP7: Very important | AS7: Very important | AV7: Very important | AY7: Very important | BB7: Very important | BE7: Yes, keep it | BH7: Important | BM7: Difficult
A8: 114283206998 | B8: Diadie | C8: Niger | D8: Millenium challenge | E8: I agree | F8: Very important | I8: Very important | L8: Very important | O8: Very important | R8: Very important | U8: Very important | X8: Very important | AA8: Very important | AD8: Very important | AG8: Very important | AJ8: Very important | AM8: Very important | AP8: Very important | AS8: Very important | AV8: Very important | AY8: Very important | BB8: Very important | BE8: Yes, keep it | BH8: Important | BL8: Reasonable | BN8: No
A9: 114283112784 | C9: Costa Rica | E9: I agree | F9: Very important | I9: Very important | M9: Important | O9: Very important | S9: Important | U9: Very important | X9: Very important | AA9: Very important | AD9: Very important | AG9: Very important | AJ9: Very important | AM9: Very important | AP9: Very important | AS9: Very important | AV9: Very important | AY9: Very important | BC9: Important | BG9: I am not sure | BH9: Important | BL9: Reasonable | BN9: --
A10: 114283088372 | B10: Jesus Pizarro | C10: United States | D10: Sunrise Movement | E10: I agree | F10: Very important | I10: Very important | M10: Important | P10: Important | R10: Very important | V10: Important | Y10: Important | AA10: Very important | AD10: Very important | AG10: Very important | AJ10: Very important | AM10: Very important | AP10: Very important | AS10: Very important | AV10: Very important | AY10: Very important | BC10: Important | BF10: No, remove it | BH10: Important | BK10: Easy | BN10: I will include Integrating Reporting as part of the Framework because this is the opportunity to provide information about the social and environmental impact. Also, I will include guidance on how to manage foreign exchange. Consolidated financial reporting of an international NGO is not useful for making decisions because of the mismatch between the currency of the donation and the currency of the expense. Providing Modify Statement of Activity by specific program and project is important.
A11: 114283067360 | B11: Patience Mmoyo | C11: Zambia | D11: Maringa Africa | E11: I agree | G11: Important | I11: Very important | P11: Important | S11: Important | V11: Important | AB11: Important | AE11: Important | AH11: Important | AK11: Important | AN11: Important | AQ11: Important | AS11: Very important | AV11: Very important | AY11: Very important | BC11: Important | BE11: Yes, keep it | BH11: Important | BK11: Easy
A12: 114282624002 | B12: Pavel Gamolskiy | C12: Russia | D12: Association "Club of accountants and auditors of non-profit organizations" | E12: I agree | F12: Very important | J12: Important | N12: Less Important | P12: Important | R12: Very important | U12: Very important | Z12: Less important | AB12: Important | AE12: Important | AH12: Important | AJ12: Very important | AM12: Very important | AP12: Very important | AS12: Very important | AW12: Important | AY12: Very important | BC12: Important | BE12: Yes, keep it | BH12: Important | BK12: Easy | BN12: No
A13: 114282986011 | B13: Mohammad Anwarul Karim | C13: Bangladesh | D13: FRC | E13: I agree | F13: Very important | J13: Important | M13: Important | O13: Very important | S13: Important | U13: Very important | X13: Very important | AA13: Very important | AD13: Very important | AG13: Very important | AJ13: Very important | AM13: Very important | AP13: Very important | AS13: Very important | AV13: Very important | AY13: Very important | BC13: Important | BE13: Yes, keep it | BH13: Important | BK13: Easy
A14: 114282967598 | B14: Ysabel Figueira | C14: Venezuela | E14: I agree | F14: Very important | I14: Very important | M14: Important | O14: Very important | T14: Less Important | U14: Very important | X14: Very important | AA14: Very important | AD14: Very important | AG14: Very important | AJ14: Very important | AM14: Very important | AQ14: Important | AS14: Very important | AW14: Important | AZ14: Important | BB14: Very important | BG14: I am not sure | BH14: Important | BL14: Reasonable | BN14: No, no tengo otro comentario
A15: 114282789270 | B15: FATOUMATA CISSE EPSE SIDIBE | C15: Mali | D15: ONECCA MALI | E15: I agree | F15: Very important | I15: Very important | M15: Important | P15: Important | R15: Very important | U15: Very important | Y15: Important | AA15: Very important | AD15: Very important | AH15: Important | AJ15: Very important | AM15: Very important | AP15: Very important | AS15: Very important | AV15: Very important | AY15: Very important | BC15: Important | BE15: Yes, keep it | BH15: Important | BL15: Reasonable
A16: 114282798693 | B16: Busha Gemechu | C16: Ethiopia | D16: VSF | E16: I agree | F16: Very important | J16: Important | N16: Less Important | O16: Very important | R16: Very important | U16: Very important | X16: Very important | AA16: Very important | AD16: Very important | AG16: Very important | AJ16: Very important | AM16: Very important | AP16: Very important | AS16: Very important | AV16: Very important | AY16: Very important | BC16: Important | BG16: I am not sure | BH16: Important | BL16: Reasonable
A17: 114282724667 | B17: Oumou Wane Toure | C17: Senegal | D17: Cabinet MECA | E17: I agree | F17: Very important | I17: Very important | M17: Important | O17: Very important | R17: Very important | U17: Very important | X17: Very important | AA17: Very important | AD17: Very important | AG17: Very important | AJ17: Very important | AM17: Very important | AP17: Very important | AS17: Very important | AV17: Very important | AY17: Very important | BB17: Very important | BE17: Yes, keep it | BH17: Important | BK17: Easy
A18: 114282686128 | B18: Rafat Bandak | C18: Palestine | D18: FTS Consulting | E18: I agree | F18: Very important | J18: Important | N18: Less Important | O18: Very important | T18: Less Important | U18: Very important | Y18: Important | AA18: Very important | AD18: Very important | AG18: Very important | AJ18: Very important | AM18: Very important | AQ18: Important | AS18: Very important | AW18: Important | AZ18: Important | BB18: Very important | BF18: No, remove it | BH18: Important | BL18: Reasonable | BN18: No, it is clear
A19: 114282667583 | B19: Mohamed KHLASS | C19: Tunisia | D19: MKAC | E19: I agree | F19: Very important | I19: Very important | M19: Important | P19: Important | R19: Very important | U19: Very important | Y19: Important | AA19: Very important | AD19: Very important | AG19: Very important | AJ19: Very important | AM19: Very important | AP19: Very important | AS19: Very important | AV19: Very important | AY19: Very important | BB19: Very important | BF19: No, remove it | BH19: Important | BL19: Reasonable
A20: 114282651764 | B20: Akintoye Olufemi | C20: Nigeria | D20: UNDP | E20: I agree | F20: Very important | K20: Less Important | N20: Less Important | P20: Important | S20: Important | U20: Very important | Y20: Important | AB20: Important | AF20: Less important | AI20: Less important | AJ20: Very important | AM20: Very important | AP20: Very important | AS20: Very important | AV20: Very important | AY20: Very important | BD20: Not important | BE20: Yes, keep it | BJ20: Not relevant | BL20: Reasonable | BN20: None
A21: 114282641245 | B21: Alex Andwati | C21: CH | D21: The Global Fund | E21: I agree | F21: Very important | I21: Very important | M21: Important | Q21: Less Important | R21: Very important | U21: Very important | X21: Very important | AA21: Very important | AD21: Very important | AG21: Very important | AJ21: Very important | AM21: Very important | AP21: Very important | AS21: Very important | AV21: Very important | AY21: Very important | BB21: Very important | BG21: I am not sure | BH21: Important | BL21: Reasonable | BN21: Not applicable
A22: 114282574455 | B22: Ndiémé PAYE BADIANE | C22: Sénégal | D22: cec afsa | E22: I agree | F22: Very important | I22: Very important | L22: Very important | O22: Very important | S22: Important | U22: Very important | X22: Very important | AA22: Very important | AD22: Very important | AG22: Very important | AJ22: Very important | AM22: Very important | AP22: Very important | AS22: Very important | AV22: Very important | AY22: Very important | BB22: Very important | BG22: I am not sure | BH22: Important | BK22: Easy
A23: 114282567089 | B23: Philip | C23: Uganda | E23: I agree | F23: Very important | K23: Less Important | M23: Important | O23: Very important | T23: Less Important | U23: Very important | Z23: Less important | AB23: Important | AF23: Less important | AH23: Important | AL23: Less important | AM23: Very important | AP23: Very important | AT23: Important | AV23: Very important | BA23: Less important | BC23: Important | BF23: No, remove it | BH23: Important | BK23: Easy
A24: 114282565816 | B24: cabinet abs | C24: SENEGAL | D24: EXPERT COMPTABLE | E24: I agree | F24: Very important | J24: Important | N24: Less Important | P24: Important | S24: Important | U24: Very important | Y24: Important | AA24: Very important | AE24: Important | AI24: Less important | AJ24: Very important | AN24: Important | AR24: Less important | AS24: Very important | AW24: Important | AZ24: Important | BD24: Not important | BG24: I am not sure | BI24: Not important | BL24: Reasonable | BN24: non
A25: 114282529570 | B25: David Wortham | C25: United Kingdom | D25: Empacta Training Limited | E25: I agree | F25: Very important | I25: Very important | M25: Important | P25: Important | R25: Very important | U25: Very important | Y25: Important | AB25: Important | AD25: Very important | AH25: Important | AK25: Important | AN25: Important | AQ25: Important | AT25: Important | AV25: Very important | AY25: Very important | BB25: Very important | BE25: Yes, keep it | BH25: Important | BL25: Reasonable | BN25: I find the section referencing system rather opaque in places.
A26: 114282522017 | B26: Mouhamed E.B. WADE | C26: Sénégal | D26: SP DECOFI | E26: I agree | F26: Very important | I26: Very important | M26: Important | O26: Very important | S26: Important | U26: Very important | X26: Very important | AA26: Very important | AD26: Very important | AG26: Very important | AJ26: Very important | AM26: Very important | AP26: Very important | AS26: Very important | AV26: Very important | AY26: Very important | BB26: Very important | BE26: Yes, keep it | BH26: Important | BL26: Reasonable
A27: 114282498795 | B27: Barnabas Getu | C27: Ethiopia | D27: DLCO-EA | E27: I agree | F27: Very important | I27: Very important | L27: Very important | O27: Very important | R27: Very important | U27: Very important | X27: Very important | AA27: Very important | AD27: Very important | AG27: Very important | AJ27: Very important | AM27: Very important | AP27: Very important | AS27: Very important | AV27: Very important | AY27: Very important | BB27: Very important | BE27: Yes, keep it | BH27: Important | BK27: Easy | BN27: There should be some reasonable restrictions in application of Cost /Benefit to avoid negligence and maintain consistency
A28: 114282299120 | B28: Ayebaekipiriye Abaye | C28: Nigeria | D28: Save the Children International | E28: I agree | F28: Very important | J28: Important | M28: Important | P28: Important | R28: Very important | U28: Very important | X28: Very important | AA28: Very important | AD28: Very important | AG28: Very important | AJ28: Very important | AM28: Very important | AP28: Very important | AS28: Very important | AV28: Very important | AY28: Very important | BB28: Very important | BE28: Yes, keep it | BH28: Important | BK28: Easy | BN28: In keeping the provisions for 'undue cost and effort'. or requirements that are impracticable - “applying a requirement is impracticable when the entity cannot apply it after making every reasonable effort to do so” A List of such "requirements" can be historically identified and added as an addition to the provision - for NPOs. To help as a guide to validate the specific circumstances or Management judgement instead of just leaving it vague.
A29: 114282217187 | C29: Sénégal | E29: I agree
A30: 114282144403 | B30: ONG BROOKE | C30: SENEGAL | D30: ONG BROOKE | E30: I agree | F30: Very important | I30: Very important | N30: Less Important | P30: Important | S30: Important | U30: Very important | Y30: Important | AA30: Very important | AD30: Very important | AG30: Very important | AJ30: Very important | AN30: Important | AQ30: Important | AT30: Important | AW30: Important | AZ30: Important | BB30: Very important | BE30: Yes, keep it | BH30: Important | BL30: Reasonable
A31: 114281930868 | B31: Rohat Zada | C31: Iraq | D31: Catholic University in Erbil | E31: I agree | F31: Very important | K31: Less Important | L31: Very important | O31: Very important | R31: Very important | U31: Very important | X31: Very important | AB31: Important | AD31: Very important | AG31: Very important | AJ31: Very important | AM31: Very important | AP31: Very important | AS31: Very important | AV31: Very important | AY31: Very important | BC31: Important | BF31: No, remove it | BH31: Important | BL31: Reasonable
A32: 114281790588 | B32: Sizwile Sibindi | C32: Kenya | D32: Financing Alliance for Health | E32: I agree | F32: Very important | J32: Important | N32: Less Important | O32: Very important | S32: Important | U32: Very important | X32: Very important | AA32: Very important | AD32: Very important | AG32: Very important | AJ32: Very important | AM32: Very important | AP32: Very important | AS32: Very important | AV32: Very important | AY32: Very important | BC32: Important | BE32: Yes, keep it | BH32: Important | BL32: Reasonable
A33: 114281768903 | B33: caroline kariuki | C33: Kenya | E33: I agree | F33: Very important | I33: Very important | M33: Important | O33: Very important | R33: Very important | V33: Important | Y33: Important | AA33: Very important | AE33: Important | AG33: Very important | AK33: Important | AM33: Very important | AS33: Very important | AV33: Very important | AZ33: Important | BB33: Very important | BE33: Yes, keep it | BH33: Important | BL33: Reasonable | BN33: It is important to keep narrative report reasonably simple, structured and straight to the point. Also identify what is a MUST to disclose and what can be optional. Language should also be understood by non accountants
A34: 114281734178 | B34: Lamin N'jai | C34: Switzerland | D34: Global Fund | E34: I agree | F34: Very important | I34: Very important | M34: Important | O34: Very important | R34: Very important | U34: Very important | X34: Very important | AA34: Very important | AD34: Very important | AG34: Very important | AJ34: Very important | AM34: Very important | AP34: Very important | AS34: Very important | AV34: Very important | AY34: Very important | BB34: Very important | BE34: Yes, keep it | BH34: Important | BK34: Easy | BN34: None
A35: 114281725346 | B35: Pesh Framjee | C35: United Kingdom | E35: I agree | F35: Very important | I35: Very important | N35: Less Important | P35: Important | S35: Important | U35: Very important | X35: Very important | AA35: Very important | AD35: Very important | AG35: Very important | AJ35: Very important | AM35: Very important | AR35: Less important | AT35: Important | AW35: Important | AY35: Very important | BB35: Very important | BE35: Yes, keep it | BH35: Important | BL35: Reasonable
A36: 114281717958 | B36: Nigel Davies | C36: United Kingdom | D36: PAG member | E36: I agree | F36: Very important | I36: Very important | L36: Very important | P36: Important | R36: Very important | U36: Very important | Y36: Important | AA36: Very important | AD36: Very important | AH36: Important | AJ36: Very important | AM36: Very important | AP36: Very important | AT36: Important | AW36: Important | AY36: Very important | BB36: Very important | BE36: Yes, keep it | BH36: Important | BK36: Easy | BN36: In applying cost-benefit- the focus should be on the user not the NPO in terms of identifying the benefit aspect and consider restricting it to certain aspects eg net present value, fair value involving modelling (rather than readily available market prices) and frequency of valuations (eg buildings) or availbility of valuation (eg unlisted investments)
A37: 114281713148 | B37: Mutala Mohammed | C37: Ghana | D37: Bean Counters | E37: I agree | F37: Very important | J37: Important | M37: Important | Q37: Less Important | S37: Important | V37: Important | X37: Very important | AA37: Very important | AE37: Important | AG37: Very important | AJ37: Very important | AM37: Very important | AP37: Very important | AS37: Very important | AV37: Very important | AY37: Very important | BC37: Important | BE37: Yes, keep it | BH37: Important | BL37: Reasonable | BN37: No
A38: 114281472728 | B38: Amelaku Belay Teka | C38: Ethiopia | D38: Debre Tabor University | E38: I agree | F38: Very important | I38: Very important | N38: Less Important | Q38: Less Important | S38: Important | U38: Very important | X38: Very important | AA38: Very important | AD38: Very important | AG38: Very important | AJ38: Very important | AM38: Very important | AP38: Very important | AS38: Very important | AV38: Very important | AY38: Very important | BB38: Very important | BE38: Yes, keep it | BH38: Important | BL38: Reasonable
A39: 114281285529 | B39: Hilda | C39: Uganda | D39: Financial Management Consultant & Trainer | E39: I agree | F39: Very important | I39: Very important | M39: Important | O39: Very important | S39: Important | U39: Very important | X39: Very important | AA39: Very important | AD39: Very important | AG39: Very important | AJ39: Very important | AM39: Very important | AQ39: Important | AT39: Important | AW39: Important | AY39: Very important | BC39: Important | BG39: I am not sure | BH39: Important | BL39: Reasonable | BN39: not at the moment
A40: 114280930065 | B40: Sarah Roggemann | C40: United States | D40: Wildlife Conservation Society | E40: I agree | G40: Important | I40: Very important | M40: Important | P40: Important | R40: Very important | U40: Very important | X40: Very important | AA40: Very important | AD40: Very important | AG40: Very important | AJ40: Very important | AM40: Very important | AQ40: Important | AS40: Very important | AW40: Important | AZ40: Important | BC40: Important | BF40: No, remove it | BI40: Not important | BK40: Easy
A41: 114280841166 | B41: Luis Carlos Ramos Contreras | C41: Bolivia | D41: Contadores Publicos | E41: I agree | F41: Very important | I41: Very important | L41: Very important | O41: Very important | R41: Very important | U41: Very important | X41: Very important | AA41: Very important | AD41: Very important | AG41: Very important | AJ41: Very important | AM41: Very important | AP41: Very important | AS41: Very important | AV41: Very important | AY41: Very important | BB41: Very important | BG41: I am not sure | BH41: Important | BM41: Difficult | BN41: None
A42: 114280750574 | B42: Namatai Moyo | C42: Zimbabwe | D42: Kindernothilfe e.V. | E42: I agree | F42: Very important | I42: Very important | L42: Very important | O42: Very important | R42: Very important | U42: Very important | X42: Very important | AA42: Very important | AD42: Very important | AG42: Very important | AJ42: Very important | AM42: Very important | AP42: Very important | AS42: Very important | AV42: Very important | AY42: Very important | BB42: Very important | BE42: Yes, keep it | BH42: Important | BL42: Reasonable | BN42: Let us make sure that 'undue cost and effort' won't be abused or NPOs take advantage of this standard and not provide the required information.
A43: 114273017252 | B43: Emmanuel MUTANGANA | C43: Rwanda | D43: OAG | E43: I agree | F43: Very important | J43: Important | L43: Very important | P43: Important | T43: Less Important | U43: Very important | X43: Very important | AA43: Very important | AD43: Very important | AH43: Important | AJ43: Very important | AM43: Very important | AP43: Very important | AS43: Very important | AV43: Very important | AY43: Very important | BC43: Important | BF43: No, remove it | BH43: Important | BL43: Reasonable | BN43: No
A44: 114273045419 | B44: Elkhider Mohammed | C44: Sudan | D44: National Democratic Institute | E44: I agree | F44: Very important | I44: Very important | L44: Very important | O44: Very important | R44: Very important | U44: Very important | X44: Very important | AA44: Very important | AD44: Very important | AG44: Very important | AJ44: Very important | AM44: Very important | AP44: Very important | AS44: Very important | AV44: Very important | AY44: Very important | BB44: Very important | BE44: Yes, keep it | BH44: Important | BL44: Reasonable | BN44: No, thanks.
A45: 114278092854 | B45: Mehmet Abdulhayoglu | C45: Turkey | D45: Shafak | E45: I agree | F45: Very important | K45: Less Important | M45: Important | P45: Important | T45: Less Important | U45: Very important | X45: Very important | AA45: Very important | AE45: Important | AH45: Important | AJ45: Very important | AM45: Very important | AP45: Very important | AS45: Very important | AW45: Important | AZ45: Important | BC45: Important | BG45: I am not sure | BI45: Not important | BL45: Reasonable
A46: 114279989239 | B46: Musa Folorunsho Lawal | C46: Nigeria | D46: HUMRES | E46: I agree | F46: Very important | I46: Very important | L46: Very important | O46: Very important | R46: Very important | U46: Very important | X46: Very important | AA46: Very important | AD46: Very important | AG46: Very important | AJ46: Very important | AM46: Very important | AP46: Very important | AS46: Very important | AV46: Very important | AY46: Very important | BB46: Very important | BG46: I am not sure | BH46: Important | BL46: Reasonable | BN46: Nil
A47: 114279797583 | C47: Ghana | E47: I agree | F47: Very important | I47: Very important | L47: Very important | O47: Very important | S47: Important | U47: Very important | X47: Very important | AA47: Very important | AD47: Very important | AG47: Very important | AJ47: Very important | AM47: Very important | AP47: Very important | AS47: Very important | AV47: Very important | AY47: Very important | BB47: Very important | BE47: Yes, keep it | BH47: Important | BL47: Reasonable | BN47: No.
A48: 114279747628 | B48: Martins Nuel Adewumi | C48: Nigeria | E48: I agree | F48: Very important | I48: Very important | M48: Important | P48: Important | R48: Very important | U48: Very important | X48: Very important | AA48: Very important | AD48: Very important | AG48: Very important | AJ48: Very important | AM48: Very important | AP48: Very important | AT48: Important | AV48: Very important | AY48: Very important | BB48: Very important | BE48: Yes, keep it | BH48: Important | BL48: Reasonable | BN48: Non
A49: 114279670777 | B49: SAMUEL HAMMOND | C49: Ghana | D49: PKF | E49: I agree | F49: Very important | I49: Very important | L49: Very important | O49: Very important | R49: Very important | U49: Very important | X49: Very important | AB49: Important | AD49: Very important | AH49: Important | AJ49: Very important | AM49: Very important | AQ49: Important | AS49: Very important | AV49: Very important | AY49: Very important | BB49: Very important | BE49: Yes, keep it | BH49: Important | BL49: Reasonable | BN49: No
A50: 114279618893 | B50: Elvis G. Afare | C50: Ghana | D50: CARE INT | E50: I agree | F50: Very important | K50: Less Important | L50: Very important | O50: Very important | R50: Very important | U50: Very important | X50: Very important | AB50: Important | AE50: Important | AI50: Less important | AJ50: Very important | AM50: Very important | AP50: Very important | AS50: Very important | AV50: Very important | AY50: Very important | BB50: Very important | BE50: Yes, keep it | BH50: Important | BL50: Reasonable | BN50: No
A51: 114279177108 | B51: John Perlas N Quarcoopome | C51: Ghana | D51: Just Quist Consult | E51: I agree | F51: Very important | J51: Important | N51: Less Important | O51: Very important | S51: Important | U51: Very important | X51: Very important | AA51: Very important | AD51: Very important | AG51: Very important | AJ51: Very important | AM51: Very important | AQ51: Important | AT51: Important | AW51: Important | AZ51: Important | BB51: Very important | BG51: I am not sure | BH51: Important | BL51: Reasonable | BN51: No
A52: 114278959191 | B52: Helena Wilkinson | C52: UK | D52: Price Bailey LLP | E52: I agree | H52: Less Important | K52: Less Important | N52: Less Important | Q52: Less Important | T52: Less Important | U52: Very important | Y52: Important | AB52: Important | AF52: Less important | AH52: Important | AK52: Important | AN52: Important | AR52: Less important | AU52: Less important | AW52: Important | AZ52: Important | BB52: Very important | BE52: Yes, keep it | BH52: Important | BL52: Reasonable
A53: 114278080862 | B53: Ebube Anaduaka | C53: United Kingdom | D53: EY | E53: I agree | F53: Very important | J53: Important | N53: Less Important | P53: Important | T53: Less Important | U53: Very important | X53: Very important | AA53: Very important | AE53: Important | AH53: Important | AJ53: Very important | AM53: Very important | AR53: Less important | AT53: Important | AW53: Important | AZ53: Important | BD53: Not important | BE53: Yes, keep it | BI53: Not important | BL53: Reasonable | BN53: N/A
A54: 114277265323 | B54: Eucari Lucena | C54: Venezuela | E54: I agree | F54: Very important | M54: Important | P54: Important | T54: Less Important | U54: Very important | X54: Very important | AB54: Important | AD54: Very important | AG54: Very important | AJ54: Very important | AN54: Important | AQ54: Important | AS54: Very important | AW54: Important | AZ54: Important | BC54: Important | BF54: No, remove it | BH54: Important | BL54: Reasonable
A55: 114276904322 | B55: Roel Esteban Lucas | C55: Philippines | D55: SGV & Co | E55: I agree | F55: Very important | I55: Very important | M55: Important | P55: Important | R55: Very important | U55: Very important | X55: Very important | AA55: Very important | AD55: Very important | AH55: Important | AJ55: Very important | AM55: Very important | AP55: Very important | AS55: Very important | AV55: Very important | AY55: Very important | BE55: Yes, keep it | BL55: Reasonable | BN55: None
A56: 114276743399 | B56: NGIRUWONSANGA LEANDRE | C56: RWANDA | D56: UR | E56: I agree | G56: Important | J56: Important | M56: Important | O56: Very important | R56: Very important | U56: Very important | X56: Very important | AA56: Very important | AE56: Important | AG56: Very important | AK56: Important | AM56: Very important | AP56: Very important | AS56: Very important | AV56: Very important | AZ56: Important | BC56: Important | BE56: Yes, keep it | BH56: Important | BL56: Reasonable | BN56: I don't have any objection on INPAG draft 1. It can be proceeded to next level
A57: 114276371625 | B57: Dimas Choga | C57: Zimbabwe | D57: Intrahealth | E57: I agree | F57: Very important | I57: Very important | L57: Very important | O57: Very important | R57: Very important | U57: Very important | X57: Very important | AB57: Important | AE57: Important | AH57: Important | AJ57: Very important | AM57: Very important | AQ57: Important | AT57: Important | AW57: Important | AY57: Very important | BB57: Very important | BE57: Yes, keep it | BI57: Not important | BL57: Reasonable
A58: 114276224261 | B58: Tom | C58: UK | E58: I agree | F58: Very important | I58: Very important | N58: Less Important | P58: Important | S58: Important | U58: Very important | Z58: Less important | AB58: Important | AE58: Important | AH58: Important | AJ58: Very important | AM58: Very important | AP58: Very important | AS58: Very important | AW58: Important | AY58: Very important | BB58: Very important | BE58: Yes, keep it | BH58: Important | BM58: Difficult
A59: 114275812232 | B59: Neha Kaushik | C59: India | D59: Self | E59: I agree | F59: Very important | K59: Less Important | N59: Less Important | O59: Very important | S59: Important | U59: Very important | X59: Very important | AA59: Very important | AD59: Very important | AG59: Very important | AJ59: Very important | AM59: Very important | AP59: Very important | AS59: Very important | AV59: Very important | AY59: Very important | BB59: Very important | BE59: Yes, keep it | BH59: Important | BK59: Easy
A60: 114274822931 | B60: Atef Mohamed | C60: Egypt | D60: MEK foundation | E60: I agree | F60: Very important | I60: Very important | L60: Very important | Q60: Less Important | R60: Very important | U60: Very important | X60: Very important | AB60: Important | AD60: Very important | AG60: Very important | AJ60: Very important | AM60: Very important | AP60: Very important | AS60: Very important | AV60: Very important | AY60: Very important | BC60: Important | BE60: Yes, keep it | BH60: Important | BK60: Easy | BN60: no
A61: 114274504853 | B61: Jose Leonardo Milan | C61: Venezuela | E61: I agree | F61: Very important | I61: Very important | M61: Important | P61: Important | T61: Less Important | U61: Very important | Y61: Important | AA61: Very important | AD61: Very important | AH61: Important | AJ61: Very important | AN61: Important | AP61: Very important | AS61: Very important | AV61: Very important | AZ61: Important | BC61: Important | BE61: Yes, keep it | BH61: Important | BL61: Reasonable
A62: 114273755576 | B62: Satyajit Saha | C62: Bangladesh | D62: NETZ Partnership for Development and Justice | E62: I agree | F62: Very important | I62: Very important | R62: Very important | U62: Very important | X62: Very important | AA62: Very important | AD62: Very important | AG62: Very important | AJ62: Very important | AM62: Very important | AP62: Very important | AS62: Very important | AV62: Very important | AY62: Very important | BB62: Very important | BF62: No, remove it | BH62: Important | BL62: Reasonable | BN62: Analysis of cost vs result achieved may be thought to ensure the value for money.
A63: 114273151988 | B63: Mohamed Abdelrahman | C63: Egypt | E63: I agree | F63: Very important | I63: Very important | M63: Important | P63: Important | S63: Important | V63: Important | Y63: Important | AB63: Important | AD63: Very important | AG63: Very important | AK63: Important | AN63: Important | AP63: Very important | AS63: Very important | AV63: Very important | AY63: Very important | BC63: Important | BF63: No, remove it | BH63: Important | BL63: Reasonable
A64: 114272485378 | B64: Evalyne Masira | C64: Kenya | D64: Centre for Health Solutions -Kenya | E64: I agree
A65: 114271990301 | B65: Kelechi Unaeze | C65: Nigeria | D65: Achieving Health Nigeria Initiative | E65: I agree | F65: Very important | J65: Important | N65: Less Important | Q65: Less Important | T65: Less Important | U65: Very important | X65: Very important | AB65: Important | AF65: Less important | AH65: Important | AJ65: Very important | AM65: Very important | AQ65: Important | AS65: Very important | AV65: Very important | AY65: Very important | BC65: Important | BE65: Yes, keep it | BH65: Important | BL65: Reasonable
A66: 114271870130 | B66: Sandra Nafungo | C66: Uganda | D66: Fastlyne Foundation | E66: I agree | F66: Very important | I66: Very important | L66: Very important | O66: Very important | S66: Important | U66: Very important | Y66: Important | AA66: Very important | AD66: Very important | AG66: Very important | AJ66: Very important | AM66: Very important | AP66: Very important | AS66: Very important | AV66: Very important | AY66: Very important | BB66: Very important | BE66: Yes, keep it | BH66: Important | BK66: Easy | BN66: no
A67: 114268951012 | B67: Edmond Vanderpuye | C67: Ghana | D67: International Needs | E67: I agree | F67: Very important | K67: Less Important | N67: Less Important | O67: Very important | S67: Important | U67: Very important | X67: Very important | AA67: Very important | AD67: Very important | AG67: Very important | AJ67: Very important | AM67: Very important | AP67: Very important | AS67: Very important | AV67: Very important | AY67: Very important | BB67: Very important | BF67: No, remove it | BH67: Important | BK67: Easy | BN67: Not at the moment.
A68: 114268806827 | B68: Mohanad Motea Abdullah Ghaleb | C68: Yemen | D68: Tamdeen Youth Foundation TYF | E68: I agree | F68: Very important | I68: Very important | L68: Very important | O68: Very important | R68: Very important | U68: Very important | X68: Very important | AA68: Very important | AD68: Very important | AG68: Very important | AJ68: Very important | AM68: Very important | AP68: Very important | AS68: Very important | AV68: Very important | AY68: Very important | BB68: Very important | BG68: I am not sure | BH68: Important | BL68: Reasonable
A69: =COUNTA(A3:A68) -> 66
A71: Discount
A72: 114265492576 | B72: Philip Trotter | C72: United Kingdom | D72: CIPFA | E72: I agree

Sheet Financial statements
A1: Respondent ID | B1: Please input your information. Only your country information is a requirement, but personal information is helpful for our analysis if you are willing to provide it. | E1: Any personal information you have provided will only be held for the purposes of developing INPAG. You may withdraw your consent for us to hold any of your personal information at any time here, or email ifr4npo@cipfa.org. | F1: How important is it to separate transactions and balances between those that have restrictions and those that do not? | J1: Do you agree that each line on the face of the Statement of Income and Expenses should be split between amounts with restrictions and amounts without restrictions? | N1: How easy will it be for NPOs to show separate columns on the Statement of Income and Expenses for amounts with and without restrictions? | R1: The proposal is to have three columns on the face of the Statement of Income and Expenses - (income and expenses with restrictions, income and expenses without restrictions, and total income and expenses). Do you agree that comparatives for the previous period for all columns should also be shown on the face of this statement? | U1: On the Statement of Financial Position, do you agree with that accumulated surpluses and deficits (fund balances) are split between those with and those without restrictions ? | Y1: On the Statement of Financial Position, do you agree that assets and liabilities are not split between those with and those without restrictions? | AC1: On the Statement of Changes in Net Assets, do you agree that funds are split between those with and those without restrictions? | AF1: Do you have any comments on the proposals for fund accounting? | AG1: Do you agree with the name of the primary statement being ‘Statement of Income and Expenses’? | AJ1: Do you agree that the terms surplus / deficit should be used instead of profit / loss? | AM1: Do you agree that items of Other Comprehensive Income (some unrealised gains and losses) should be included in the Statement of Changes in Net Assets rather than the Statement of Income and Expenses | AP1: How often do NPOs you are familiar with have items of Other Comprehensive Income (certain unrealised gains and losses)? | AU1: On the Statement of Cash Flows, how easy will it be for NPOs to provide information about grants and donations? | AY1: How important is it that cash donations and grants are shown on the face of the Statement of Cash Flows? | BB1: How useful will it be to be able to state compliance with INPAG? | BG1: Are there any other comments you would like to make about the proposals with respect to the financial statements?
B2: Name | C2: Country | D2: Organisation | E2: I agree | F2: Very important | G2: Important | H2: Not important | I2: Not relevant | J2: Yes | K2: No | L2: I don't know | M2: Other (please specify) | N2: Easy | O2: Somewhat difficult | P2: Very challenging | Q2: I don't know | R2: Yes | S2: No | T2: Other (please specify) | U2: Yes | V2: No | W2: I don't know | X2: Other (please specify) | Y2: Yes | Z2: No | AA2: I don't know | AB2: Other (please specify) | AC2: Yes | AD2: No | AE2: I don't know | AF2: Open-Ended Response | AG2: Yes | AH2: I don't know | AI2: No - any reason or alternative suggestion? | AJ2: Yes | AK2: I don' know | AL2: No - any reason or alternative suggestion? | AM2: Yes | AN2: I don't know | AO2: No - any reason or alternative suggestion? | AP2: Frequently | AQ2: Rarely | AR2: Sometimes | AS2: Never | AT2: I don't know | AU2: Easy | AV2: Somewhat difficult | AW2: Very challenging | AX2: I am not sure | AY2: Very important | AZ2: Important | BA2: Not so important | BB2: Very useful | BC2: Beneficial | BD2: Problematic | BE2: Not relevant | BF2: I don't know | BG2: Open-Ended Response
A3: 118286040238 | B3: Sandra Nafungo | C3: Uganda | D3: Fastlyne Foundation | E3: I agree | F3: Very important | J3: Yes | N3: Easy | R3: Yes | U3: Yes | Z3: No | AC3: Yes | AF3: I strongly agree with seperating the funds between those with and those without restriction. | AG3: Yes | AJ3: Yes | AM3: Yes | AQ3: Rarely | AU3: Easy | AY3: Very important | BB3: Very useful | BG3: no
A4: 118286036251 | B4: Kelechi Unaeze | C4: Nigeria | D4: Achieving Health Nigeria Initiative | E4: I agree | F4: Very important | J4: Yes | O4: Somewhat difficult | S4: No | U4: Yes | Z4: No | AC4: Yes | AI4: Statement of Contribution and Expenditures | AJ4: Yes | AM4: Yes | AQ4: Rarely | AV4: Somewhat difficult | AZ4: Important | BC4: Beneficial
A5: 118286032831 | B5: Seduisant Taz-Mbodi | C5: Côte d'Ivoire | D5: Family Health International (FHI 360) | E5: I agree | F5: Very important | J5: Yes | O5: Somewhat difficult | R5: Yes | U5: Yes | Y5: Yes | AC5: Yes | AG5: Yes | AJ5: Yes | AM5: Yes | AR5: Sometimes | AU5: Easy | AY5: Very important | BB5: Very useful
A6: 118285994600 | B6: Emmanuel MUTANGANA | C6: Rwanda | D6: OAG | E6: I agree | F6: Very important | J6: Yes | N6: Easy | R6: Yes | W6: I don't know | Y6: Yes | AD6: No | AF6: No | AG6: Yes | AJ6: Yes | AO6: Other comprehensive income, we know that affect profit attributable to shareholders which implicates to retained earning and on non profit making organisation application of retained earning will not be there, as not for profit purposes. | AT6: I don't know | AU6: Easy | AY6: Very important | BB6: Very useful | BG6: No
A7: 118285979424 | B7: Mohamed Abdelrahman | C7: Egypt | E7: I agree | F7: Very important | J7: Yes | O7: Somewhat difficult | R7: Yes | U7: Yes | Z7: No | AC7: Yes | AG7: Yes | AJ7: Yes | AM7: Yes | AR7: Sometimes | AV7: Somewhat difficult | AY7: Very important | BC7: Beneficial
A8: 118285964646 | B8: Satyajit Saha | C8: Bangladesh | D8: NETZ Partnership for Development and Justice | E8: I agree | F8: Very important | J8: Yes | O8: Somewhat difficult | T8: I think one column for comparatives for the previous period is fine | X8: In the notes to the FS we can show it separately | Y8: Yes | AC8: Yes | AF8: Activities those are done for the profit of the entity should not be treated by IAS 20 | AG8: Yes | AL8: This is not relevant in the context of NPOs that serves community | AM8: Yes | AS8: Never | AV8: Somewhat difficult | AY8: Very important | BC8: Beneficial
A9: 118285893658 | B9: Jose Leonardo Milan | C9: Venezuela | E9: I agree | F9: Very important | M9: Sí. Siempre que la OSFL tenga las donaciones Voluntarias de 3eros como principal financiamiento de su operación. En caso de otro tipo de entidades como los Condominios o Deportivas no veo necesidad de esta separacion en cada linea de ingresos. | N9: Easy | R9: Yes | U9: Yes | Z9: No | AD9: No | AG9: Yes | AJ9: Yes | AM9: Yes | AR9: Sometimes | AU9: Easy | AY9: Very important | BC9: Beneficial | BG9: 1) Registro contable del coste de recepción de donativos en especie en el caso de las ONL de salud y protección de la vida. Para este tipo de OSFL, recibir de un donante extranjero mobiliario para uso temporal o permanente de sus beneficiarios (por ejemplo, concentradores de oxígeno, sillas de ruedas, etc.) implica en muchos casos asumir los costes de nacionalización (impuestos) y traslado al lugar donde se presta la asistencia médica. Asimismo, en el caso de los medicamentos, muchos de ellos implican costes de trámites legales ante las autoridades sanitarias de cada país para poder recibirlos (por ejemplo, antidepresivos o ansiolíticos, que están clasificados como psicotrópicos). 2) No existe un modelo de registro para el coste legal u otras alternativas de Crowdfunding que actualmente puede realizar casi cualquier OSFL (ICO a través de su propio NFT). Dado que existe un historial documentado de Crowdfunding para diversas causas benéficas (lucha contra el cambio climático, conservación de una especie animal en peligro de extinción, operaciones de alto coste, etc. ) y dado que esto proporcionaría a la OSFL fondos sin restricciones de uso, la mayoría puede buscar financiación por esta vía, sin embargo, en general, se deben realizar trámites legales previos ante la autoridad gubernamental (SEC en el caso de EEUU, SUNACRIP en el caso de Venezuela) para ser autorizada y crear el correspondiente Token No Fungible y enviarlo a las personas interesadas en adquirirlo para colaborar con la causa benéfica asociada. 3) Falta de un modelo de presentación de estados financieros para las OSFL que no se sustentan en donativos de terceros como principal fuente de ingresos como las deportivas o educativas. a) En el caso de las OSFL educativas, se basan principalmente en el cobro de colegiaturas a sus beneficiarios para garantizar su funcionamiento y no en los donativos que puedan recibir de terceros. La suma de los ingresos brutos por dichas colegiaturas puede llegar a asemejarse a una empresa con fines de lucro, por lo que sería importante en el apartado 35 colocar un modelo para el desglose a detalle de la ejecución presupuestal en los objetivos propuestos de cada semestre o año (contabilizando en datos absolutos y textuales). b) En las O4NonP deportivas no necesariamente cobran una cuota de inscripción o membresía pero si cobran inscripción a torneos u otros eventos que se realicen para que con el superávit puedan comprar los insumos que la institución necesita (balones, uniformes, etc.) así como el pago de entrenadores. En este comportamiento se incluyen las asociaciones que surgen espontáneamente en los sectores más vulnerables de la sociedad como forma de proteger a los menores de las influencias negativas de su entorno. Adicionalmente, en el caso de los deportes O4NonP, no necesariamente son propietarios de las canchas o espacios necesarios para realizar las actividades físicas que promueven, pero pueden recibir un "Derecho de Uso Preferente" (que sería un Activo Intangible) de un espacio adecuado para ello por parte de la Alcaldía o municipalidad (Institución del Estado) que les permita operar y tener un impacto positivo en la comunidad que buscan, pero las canchas siguen siendo propiedad del Estado. 4) Condominios (La junta que gestiona los gastos comunes en Edificios Residenciales, Edificios de Oficinas y Edificios de Centros Comerciales) : Por definición en muchos países, las juntas de condominio son empresas sin fines de lucro encargadas de mantener en buen estado la propiedad horizontal donde residen o trabajan los ocupantes, sin embargo dichos ocupantes están OBLIGADOS a pagar una cuota periódica dependiendo del metraje mismo de cada propiedad por lo que no puede tomarse como un donativo aunque cada residente sería sin duda el primer interesado en los estados financieros generados por la junta de condominio.
A10: 118285888868 | B10: Atef Mohamed | C10: Egypt | D10: MEK foundation | E10: I agree | F10: Very important | J10: Yes | N10: Easy | R10: Yes | U10: Yes | Z10: No | AC10: Yes | AF10: No | AG10: Yes | AJ10: Yes | AM10: Yes | AR10: Sometimes | AU10: Easy | AY10: Very important | BB10: Very useful | BG10: No
A11: 118285881995 | B11: Martins Nuel Adewumi | C11: Nigeria | E11: I agree | F11: Very important | K11: No | O11: Somewhat difficult | R11: Yes | U11: Yes | Y11: Yes | AD11: No | AF11: Non | AI11: Resources Inflow and Expenditure | AJ11: Yes | AM11: Yes | AR11: Sometimes | AU11: Easy | AY11: Very important | BC11: Beneficial | BG11: Non
A12: 118285879741 | B12: Namatai Moyo | C12: Zimbabwe | D12: Kindernothilfe e.V. | E12: I agree | F12: Very important | J12: Yes | N12: Easy | R12: Yes | U12: Yes | Y12: Yes | AC12: Yes | AF12: Fund accounting is very very important in NPOs and thusly, should be shown on the Financial Statements. | AG12: Yes | AJ12: Yes | AM12: Yes | AQ12: Rarely | AU12: Easy | AY12: Very important | BB12: Very useful | BG12: None
A13: 118285876553 | B13: Ayebaekipiriye Abaye | C13: Nigeria | D13: Save the Children International | E13: I agree | F13: Very important | J13: Yes | N13: Easy | S13: No | U13: Yes | Z13: No | AC13: Yes | AF13: Comparatives for the previous period should not be shown for all columns | AG13: Yes | AJ13: Yes | AM13: Yes | AR13: Sometimes | AU13: Easy | AY13: Very important | BB13: Very useful
A14: 118285364334 | B14: Carolyne Kamau | C14: Kenya | D14: CIFF | E14: I agree | F14: Very important | J14: Yes | N14: Easy | R14: Yes | U14: Yes | Z14: No | AC14: Yes | AF14: If splitting the fund balance into restricted and unrestricted consider also splitting the assets and liabilities | AG14: Yes | AJ14: Yes | AM14: Yes | AQ14: Rarely | AX14: I am not sure | AZ14: Important | BC14: Beneficial
A15: 118285125547 | B15: José Eduardo Acosta R P | C15: Perú | D15: PharusData SACS | E15: I agree | F15: Very important | J15: Yes | O15: Somewhat difficult | R15: Yes | U15: Yes | Y15: Yes | AC15: Yes | AG15: Yes | AJ15: Yes | AM15: Yes | AR15: Sometimes | AY15: Very important | BB15: Very useful | BG15: Ninguna
A16: 118284291177 | B16: Carmen López | C16: Venezuela | D16: Escritorio Contable Carmen López | E16: I agree | F16: Very important | J16: Yes | N16: Easy | R16: Yes | U16: Yes | Z16: No | AC16: Yes | AF16: No | AI16: Estado de Actividades | AL16: Superavit en las actividades | AM16: Yes | AQ16: Rarely | AU16: Easy | AY16: Very important | BB16: Very useful | BG16: No
A17: 118284211498 | B17: carlos virgen | C17: mexico | D17: personal | E17: I agree | F17: Very important | J17: Yes | N17: Easy | R17: Yes | U17: Yes | AB17: se debe especificar para garantizar que el uso sea eficiente para beneficio de todos y no solo de algunos | AC17: Yes | AF17: se debe garantizar la eficiencia de la operacion con la medicion especifica de los ingresos y su aplicacion y su respectivo analisis financiero, | AH17: I don't know | AK17: I don' know | AN17: I don't know | AP17: Frequently | AW17: Very challenging | AY17: Very important | BB17: Very useful | BG17: todo esfuerzo que sirva para simplificar la carga administrativa y enfocarse en la ayuda del publico es para mejorar, aunque al inicio se considere caro por el tiempo invertido en capacitacion, ya funcionando debera cumplir las espectativas de cambio
A18: 118284156124 | C18: México | D18: Particular | E18: I agree | F18: Very important | J18: Yes | N18: Easy | R18: Yes | U18: Yes | Z18: No | AC18: Yes | AG18: Yes | AJ18: Yes | AM18: Yes | AT18: I don't know | AU18: Easy | AY18: Very important | BB18: Very useful
A19: 118284148433 | B19: Diadie | C19: Niger | D19: Millenium challenge account | E19: I agree | F19: Very important | J19: Yes | N19: Easy | R19: Yes | U19: Yes | Z19: No | AD19: No | AF19: No | AG19: Yes | AJ19: Yes | AM19: Yes | AR19: Sometimes | AU19: Easy | AY19: Very important | BB19: Very useful | BG19: No
A20: 118284040231 | B20: Jesus Pizarro | C20: United States | D20: Sunrise Movement | E20: I agree | G20: Important | J20: Yes | O20: Somewhat difficult | R20: Yes | X20: Yes, I will add another line items for foreign exchange | Y20: Yes | AC20: Yes | AF20: I recommend providing additional information on net assets, such as Fixed Assets and Accumulated Foreign Exchange. | AG20: Yes | AJ20: Yes | AO20: This is a bad practice from for profit accounting. You should book the provision for losses and in the financial note you can add the unrealized gains. | AS20: Never | AW20: Very challenging | AZ20: Important | BC20: Beneficial | BG20: My comments are: 1) Move from the get-go Integrating Reporting (e.g. GRI Standards) and 2) Modify Reporting to isolate Foreign Exchange
A21: 118284060410 | B21: Bernal Gomez S. | C21: Costa Rica | D21: Asociacion Educativa | E21: I agree | F21: Very important | J21: Yes | N21: Easy | R21: Yes | U21: Yes | Z21: No | AC21: Yes | AF21: -- | AG21: Yes | AJ21: Yes | AM21: Yes | AP21: Frequently | AU21: Easy | AY21: Very important | BB21: Very useful | BG21: --
A22: 118284022227 | B22: Pavel Gamolskiy | C22: Russia | D22: Association "Club of accountants and auditors of non-profit organizations" | E22: I agree | H22: Not important | K22: No | S22: No | V22: No | Y22: Yes | AD22: No | AF22: No | AI22: I like the title better "Report on the intended use of funds" | AJ22: Yes | AM22: Yes | AS22: Never | AW22: Very challenging | BA22: Not so important | BB22: Very useful | BG22: No
A23: 118283489425 | B23: Patience Mmoyo | C23: Zambia | D23: Maringa Africa | E23: I agree | F23: Very important | J23: Yes | N23: Easy | R23: Yes | U23: Yes | Y23: Yes | AC23: Yes | AG23: Yes | AJ23: Yes | AM23: Yes | AR23: Sometimes | AW23: Very challenging | BA23: Not so important | BC23: Beneficial
A24: 118283947737 | B24: Mohammad Anwarul Karim | C24: Bangladesh | D24: FRC | E24: I agree | F24: Very important | J24: Yes | N24: Easy | S24: No | U24: Yes | Z24: No | AC24: Yes | AG24: Yes | AJ24: Yes | AM24: Yes | AR24: Sometimes | AU24: Easy | AY24: Very important | BB24: Very useful | BG24: None
A25: 118283870779 | B25: Akintoye Olufemi | C25: Nigeria | D25: UNDP | E25: I agree | F25: Very important | K25: No | P25: Very challenging | T25: One column and previous period is fine, restricted fund should be part of notes to the account | V25: No | Y25: Yes | AD25: No | AG25: Yes | AJ25: Yes | AO25: It should stand alone | AQ25: Rarely | AU25: Easy | AY25: Very important | BB25: Very useful | BG25: It should be simple to use and adopt
A26: 118283833394 | B26: Khondaker Rakib Ahmed | C26: Bangladesh | D26: International Rescue Committee | E26: I agree | J26: Yes | O26: Somewhat difficult | R26: Yes | U26: Yes | Y26: Yes | AC26: Yes | AF26: .
A27: 118283786503 | B27: ONECCA MALI | C27: Mali | D27: Ordre des Experts COmptables et Comptables Agréés du Mali | E27: I agree | G27: Important | K27: No | O27: Somewhat difficult | S27: No | U27: Yes | Y27: Yes | AC27: Yes | AF27: La distinction dans l'état des produits et charges entre ceux et celles soumis à restriction rendre le document difficile à lire. On pourra produire à part, un état des montants soumis à restriction. | AI27: Dans l'espace OHADA, nous avons gardé l'appelation "compte de résultat" | AJ27: Yes | AM27: Yes | AT27: I don't know | AU27: Easy | AY27: Very important | BC27: Beneficial | BG27: Dans l'espace OHADA, les états financiers sont composés du Bilan, du Compte de résultat, du Tableau des flux de trésorerie ainsi que les Notes annexes
A28: 118283782323 | B28: Busha Gemechu | C28: Ethiopia | D28: VSFG | E28: I agree | G28: Important | J28: Yes | O28: Somewhat difficult | R28: Yes | U28: Yes | Z28: No | AC28: Yes | AG28: Yes | AJ28: Yes | AM28: Yes | AS28: Never | AV28: Somewhat difficult | AZ28: Important | BB28: Very useful
A29: 118283705975 | B29: Oumou Wane Toure | C29: Sénégal | D29: Cabinet MECA | E29: I agree | F29: Very important | J29: Yes | N29: Easy | S29: No | U29: Yes | Z29: No | AC29: Yes | AF29: les NPO visés par l'INPAG disposent généralement de logiciels comptables bien paramétrés qui permettent de générer automatiquement toutes ces informations, ce qui facilite le travail quand la saisie des écritures comptables est faite selon les normes. | AG29: Yes | AJ29: Yes | AN29: I don't know | AT29: I don't know | AU29: Easy | AY29: Very important | BB29: Very useful
A30: 118283670789 | B30: Rafat Bandak | C30: Palestine | D30: FTS Consulting | E30: I agree | F30: Very important | J30: Yes | O30: Somewhat difficult | S30: No | U30: Yes | Y30: Yes | AC30: Yes | AF30: No, it should be clear what considered restricted, temporary restricted, unrestricted. | AG30: Yes | AJ30: Yes | AM30: Yes | AR30: Sometimes | AV30: Somewhat difficult | AY30: Very important | BC30: Beneficial | BG30: No, all is clear.
A31: 118283658553 | B31: Mohamed KHLASS | C31: Tunisie | D31: MKAC | E31: I agree | G31: Important | J31: Yes | O31: Somewhat difficult | R31: Yes | U31: Yes | Y31: Yes | AC31: Yes | AF31: I propose that we need to identify the direct payments and other in-kind contributions (such as technical assistant and support) directly provided by the donors Those elements can be presented in a dedicated note to the financial statements | AG31: Yes | AJ31: Yes | AM31: Yes | AQ31: Rarely | AU31: Easy | AY31: Very important | BC31: Beneficial
A32: 118283617112 | B32: Alex Andwati | C32: CH | D32: The Global Fund | E32: I agree | F32: Very important | M32: On the income and expenditure statement - yes, this distinction is useful. However on the statement of financial position maybe only reserves need to be split | O32: Somewhat difficult | T32: The comparatives can be a single combined figure | U32: Yes | Y32: Yes | AC32: Yes | AF32: All are well covered in the guidance | AG32: Yes | AJ32: Yes | AM32: Yes | AQ32: Rarely | AV32: Somewhat difficult | AY32: Very important | BB32: Very useful | BG32: Supplementary or special purpose statements for donors as an annex to the primary financials would be useful. In this way, the audit of the entity and the donor project could possibly happen at the same time.
A33: 118283565447 | B33: Mirwais | C33: Sweden | D33: Plan International Sverige | E33: I agree | F33: Very important | M33: the level of detail provided in the financial statements should be appropriate to the size and complexity of the INGO's operations, and there may be cases where presenting fund balances separately may not be practical or necessary. | O33: Somewhat difficult | R33: Yes | U33: Yes | Y33: Yes | AC33: Yes | AF33: By improving fund accounting, NPOs can provide greater transparency and accountability in the use of resources, which can help to build trust and confidence with donors and beneficiaries or other stakeholders. This, in turn, can help to ensure the ongoing success and impact of the programs and activities. | AG33: Yes | AJ33: Yes | AM33: Yes | AS33: Never | AV33: Somewhat difficult | AY33: Very important | BC33: Beneficial
A34: 118283523749 | B34: Ndiémé PAYE BADIANE | C34: Sénégal | D34: cec afsa | E34: I agree | F34: Very important | J34: Yes | O34: Somewhat difficult | S34: No | U34: Yes | Y34: Yes | AC34: Yes | AG34: Yes | AJ34: Yes | AM34: Yes | AR34: Sometimes | AU34: Easy | AY34: Very important | BB34: Very useful
A35: 118283513850 | B35: ABS | C35: SENEGAL | D35: EXPERT COMPTABLE | E35: I agree | G35: Important | J35: Yes | Q35: I don't know | R35: Yes | U35: Yes | Y35: Yes | AC35: Yes | AF35: non | AG35: Yes | AL35: excèdent et déficit | AN35: I don't know | AT35: I don't know | AV35: Somewhat difficult | AZ35: Important | BC35: Beneficial | BG35: non
A36: 118283513342 | B36: Philip | C36: Uganda | E36: I agree | F36: Very important | J36: Yes | N36: Easy | S36: No | U36: Yes | Z36: No | AC36: Yes | AF36: Fund accounting, ie which grant/ funds are exhausted and which assets are without limitations, is a key consideration of NPO and should be maintained in GPFS and other reporting | AG36: Yes | AJ36: Yes | AN36: I don't know | AS36: Never | AU36: Easy | AZ36: Important | BB36: Very useful
A37: 118283451639 | B37: SP DECOFI | C37: Sénégal | D37: SP DECOFI | E37: I agree | F37: Very important | J37: Yes | N37: Easy | R37: Yes | U37: Yes | Y37: Yes | AC37: Yes | AG37: Yes | AJ37: Yes | AM37: Yes | AP37: Frequently | AU37: Easy | AY37: Very important
A38: 118283461285 | B38: David Wortham | C38: United Kingdom | D38: Empacta Training Limited | E38: I agree | F38: Very important | J38: Yes | O38: Somewhat difficult | R38: Yes | U38: Yes | Y38: Yes | AC38: Yes | AG38: Yes | AJ38: Yes | AO38: Think of key users - NPOs, beneficiaries, donors. The vast majority will not understand why there have to be two statements to show the complete picture of income, expenditure, gains and losses. They will also have no idea what "comprehensive income" means - use plain language. | AQ38: Rarely | AV38: Somewhat difficult | AZ38: Important | BC38: Beneficial
A39: 118283429396 | B39: PASCAL NDAHAYO | C39: Rwanda | E39: I agree | F39: Very important | J39: Yes | N39: Easy | R39: Yes | U39: Yes | Y39: Yes | AC39: Yes | AG39: Yes | AJ39: Yes | AN39: I don't know | AP39: Frequently | AU39: Easy | AY39: Very important | BC39: Beneficial
A40: 118283415731 | B40: Barnabas Getu | C40: Ethiopia | D40: DLCO-EA | E40: I agree | F40: Very important | J40: Yes | N40: Easy | R40: Yes | U40: Yes | Y40: Yes | AC40: Yes | AF40: No | AG40: Yes | AJ40: Yes | AM40: Yes | AR40: Sometimes | AV40: Somewhat difficult | AY40: Very important | BB40: Very useful | BG40: No
A41: 118283406559 | B41: Margaret Otim | C41: Burkina Faso | D41: NRC | E41: I agree | F41: Very important | K41: No | O41: Somewhat difficult | R41: Yes | U41: Yes | Y41: Yes | AC41: Yes | AF41: It would be good to have a common understanding of non restricted funds. I say this is because some INGOs have restrictions on internal funds as well, the majority comes from individual giving. | AG41: Yes | AJ41: Yes | AO41: Comprehensive income may need to be analyzed further. For example sale of a vehicle with zero book value could be included in the Statement of net assets while interest income should be included in I&E Statement. | AQ41: Rarely | AU41: Easy | AY41: Very important | BB41: Very useful | BG41: None
A42: 118283303859 | B42: Derek Ngoga | C42: Uganda | D42: The Innovation Village Kampala Limited | E42: I agree | G42: Important | K42: No | O42: Somewhat difficult | R42: Yes | V42: No | Z42: No | AC42: Yes | AG42: Yes | AJ42: Yes | AM42: Yes | AS42: Never | AV42: Somewhat difficult | AZ42: Important | BC42: Beneficial
A43: 118282878440 | B43: ONG BROOKE | C43: SENEGAL | D43: ONG BROOKE | E43: I agree | F43: Very important | J43: Yes | O43: Somewhat difficult | R43: Yes | V43: No | Z43: No | AC43: Yes | AG43: Yes | AJ43: Yes | AM43: Yes | AP43: Frequently | AV43: Somewhat difficult | AY43: Very important | BB43: Very useful
A44: 118282707971 | B44: RONALDO BONFIM CASTRO | C44: BRASIL | D44: PADF | E44: I agree | F44: Very important | J44: Yes | O44: Somewhat difficult | R44: Yes | U44: Yes | Z44: No | AD44: No | AF44: La transparencia de los recursos y gastos con y sin restricciones debe ser segregada desde su origen, para que no se confundan en su aplicación, objetivos y tiempo. | AG44: Yes | AJ44: Yes | AN44: I don't know | AP44: Frequently | AV44: Somewhat difficult | AY44: Very important | BB44: Very useful | BG44: Los estados financieros deben representar fielmente todos los recursos y gastos del proyecto a lo largo del tiempo.
A45: 118282653852 | B45: Rohat Zada | C45: Iraq | D45: Catholic University in Erbil | E45: I agree | F45: Very important | J45: Yes | N45: Easy | R45: Yes | U45: Yes | Z45: No | AC45: Yes | AG45: Yes | AJ45: Yes | AN45: I don't know | AT45: I don't know | AU45: Easy | AZ45: Important | BB45: Very useful
A46: 118282498610 | B46: Sizwile Sibindi | C46: Kenya | D46: SMS Accounting | E46: I agree | G46: Important | K46: No | N46: Easy | S46: No | U46: Yes | Z46: No | AD46: No | AG46: Yes | AJ46: Yes | AN46: I don't know | AP46: Frequently | AU46: Easy | AZ46: Important | BC46: Beneficial
A47: 118282480516 | B47: caroline kariuki | C47: Kenya | E47: I agree | H47: Not important | M47: a disclosure in the notes to accounts should be sufficient | P47: Very challenging | T47: 2 columns for the years is okay. The rest can be included as disclosures in the note | V47: No | Y47: Yes | AD47: No | AF47: To keep the report simple, easy to read and understand, most of the analysis should disclosed in the notes just like the IFRS(es) | AG47: Yes | AJ47: Yes | AM47: Yes | AQ47: Rarely | AW47: Very challenging | BA47: Not so important | BB47: Very useful | BG47: Keep it simple but comprehensive
A48: 118282440175 | B48: Lamin N'jai | C48: Switzerland | D48: Global Fund | E48: I agree | F48: Very important | J48: Yes | O48: Somewhat difficult | R48: Yes | U48: Yes | Z48: No | AC48: Yes | AF48: None | AG48: Yes | AJ48: Yes | AN48: I don't know | AP48: Frequently | AV48: Somewhat difficult | AY48: Very important | BB48: Very useful | BG48: None
A49: 118282413768 | B49: Mutala Mohammed | C49: Ghana | D49: Bean Counters | E49: I agree | F49: Very important | J49: Yes | O49: Somewhat difficult | R49: Yes | V49: No | Y49: Yes | AD49: No | AF49: No | AG49: Yes | AJ49: Yes | AM49: Yes | AQ49: Rarely | AW49: Very challenging | AY49: Very important | BB49: Very useful
A50: 118282425020 | B50: Pesh Framjee | C50: United Kingdom | D50: Purposeful Consulting | E50: I agree | F50: Very important | J50: Yes | N50: Easy | T50: The detailed comparatives can be shown in notes. The Statement of income and expenses needs the three columns for the reporting year and the total column for the comparative | U50: Yes | Y50: Yes | AC50: Yes | AF50: the make up of funds should show how the key categories are split across the key fund types | AI50: There should be a way of reflecting incoming resources that are not income - eg capital endowments | AJ50: Yes | AU50: Easy | BA50: Not so important | BB50: Very useful
A51: 118282419089 | B51: Nigel Davies | C51: United Kingdom | D51: PAG member | E51: I agree | F51: Very important | M51: It should be an option if restricted funds are not material to have a simple total column with analysis in the notes (see UK Charities SORP paragraph 4.11) | O51: Somewhat difficult | T51: Allow the option to have by way of a prior year statement for the deatril with just total income and expenses on the face- a criticism of UK charities SORP is the comparatives are a source of clutter | X51: Allow as an option to have totals if those with restrictions are immaterial with the analysis by way of the notes | Y51: Yes | AC51: Yes | AF51: The idea of fund analysis is to ensure that funds are used correctly and accountability to funders- it is a key foundation and distinction from for-profit accounting | AG51: Yes | AJ51: Yes | AM51: Yes | AP51: Frequently | AV51: Somewhat difficult | AY51: Very important | BB51: Very useful | BG51: -
A52: 118282406802 | B52: Vishal Greenaway | C52: USA | D52: Environmental Defense Fund | E52: I agree | F52: Very important | J52: Yes | N52: Easy | R52: Yes | U52: Yes | Y52: Yes | AC52: Yes | AF52: Fund accounting is difficult to implement for organizations regardless of size and funding; time, patience and collaboration of leadership and staff are necessary for successful implementation. | AG52: Yes | AJ52: Yes | AM52: Yes | AP52: Frequently | AU52: Easy | AY52: Very important | BC52: Beneficial
A53: 118282367335 | B53: Edmond Vanderpuye | C53: Ghana | D53: International Needs | E53: I agree | F53: Very important | J53: Yes | O53: Somewhat difficult | T53: It will be clumsy. I will recommend a separate sheet or a section in the narrative report for comparative analysis of current year and previous year. | U53: Yes | Y53: Yes | AD53: No | AF53: I support the proposals for fund accounting. | AG53: Yes | AJ53: Yes | AM53: Yes | AQ53: Rarely | AU53: Easy | AY53: Very important | BB53: Very useful | BG53: Not at this time.
A54: 118282234263 | B54: Girum Ketema | C54: Ethiopia | D54: EGA Management and Financial Solutions PLC | E54: I agree | F54: Very important | J54: Yes | O54: Somewhat difficult | R54: Yes | U54: Yes | AA54: I don't know | AC54: Yes | AF54: NA | AG54: Yes | AJ54: Yes | AM54: Yes | AQ54: Rarely | AU54: Easy | AY54: Very important | BB54: Very useful | BG54: NA
A55: 118282153649 | B55: Deny | C55: Indonesia | D55: Creideas | E55: I agree | F55: Very important | J55: Yes | N55: Easy | R55: Yes | U55: Yes | Y55: Yes | AC55: Yes | AH55: I don't know | AJ55: Yes | AO55: Better included in statemet of income and expenses | AR55: Sometimes | AU55: Easy | AY55: Very important | BC55: Beneficial
A56: 118282145701 | B56: Amelaku Belay Teka | C56: Ethiopia | D56: Debre Tabor University | E56: I agree | F56: Very important | J56: Yes | O56: Somewhat difficult | R56: Yes | U56: Yes | Z56: No | AC56: Yes | AJ56: Yes | AM56: Yes | AS56: Never | AU56: Easy | AY56: Very important | BB56: Very useful
A57: 118281922072 | B57: Hilda Hakiza | C57: Uganda | E57: I agree | F57: Very important | K57: No | O57: Somewhat difficult | S57: No | U57: Yes | Y57: Yes | AC57: Yes | AF57: none | AG57: Yes | AJ57: Yes | AM57: Yes | AS57: Never | AV57: Somewhat difficult | AZ57: Important | BC57: Beneficial
A58: 118281548862 | B58: Sarah Roggemann | C58: United States | D58: Wildlife Conservation Society | E58: I agree | F58: Very important | J58: Yes | Q58: I don't know | R58: Yes | U58: Yes | Y58: Yes | AC58: Yes | AG58: Yes | AJ58: Yes | AN58: I don't know | AT58: I don't know | AX58: I am not sure | AZ58: Important | BB58: Very useful
A59: 118280239881 | C59: Ghana | E59: I agree | G59: Important | K59: No | O59: Somewhat difficult | R59: Yes | W59: I don't know | Z59: No | AC59: Yes | AF59: The split between those with restrictions and those without restrictions can be for just the Statement of financial position and the Statement of changes in Net Assets. | AG59: Yes | AJ59: Yes | AM59: Yes | AR59: Sometimes | AU59: Easy | AY59: Very important | BB59: Very useful | BG59: The financial statements of an NPO should be as simplified as possible. In my opinion, equity should not be included as an elemnet in an NPO's financial statements.
A60: 118280116041 | B60: SAMUEL HAMMOND | C60: Ghana | D60: PKF | E60: I agree | F60: Very important | J60: Yes | N60: Easy | R60: Yes | U60: Yes | Y60: Yes | AC60: Yes | AF60: No | AG60: Yes | AJ60: Yes | AM60: Yes | AQ60: Rarely | AU60: Easy | AY60: Very important | BB60: Very useful | BG60: No
A61: 118280069517 | B61: Elvis G Afare | C61: Ghana | D61: CARE Int. | E61: I agree | F61: Very important | J61: Yes | N61: Easy | S61: No | V61: No | Y61: Yes | AD61: No | AF61: We should reconsider the introduction of the three columns for incomes and Expenses presentation because it will make it impossible for comparative to be shown. | AG61: Yes | AJ61: Yes | AM61: Yes | AQ61: Rarely | AU61: Easy | BA61: Not so important | BC61: Beneficial | BG61: No
A62: 118279656909 | B62: John Perlas N Quarcoopome | C62: Ghana | D62: Just Quist Consult | E62: I agree | F62: Very important | M62: I would have preferred if it in the notes to the financial statements | N62: Easy | T62: I will rather we have the income and expenses of the current period and the comparative on the face of the statement of income and expenses and the fund with and without restrictions and their comparatives in the notes. | U62: Yes | Z62: No | AC62: Yes | AF62: No | AG62: Yes | AJ62: Yes | AM62: Yes | AQ62: Rarely | AV62: Somewhat difficult | AZ62: Important | BB62: Very useful | BG62: No
A63: 118279459098 | B63: Helena Wilkinson | C63: UK | D63: Price Bailey LLP | E63: I agree | G63: Important | J63: Yes | O63: Somewhat difficult | S63: No | V63: No | Z63: No | AD63: No | AF63: Statement of changes in net equity – for many there would not be one so should be able to combine with I&E | AG63: Yes | AJ63: Yes | AO63: Bettre to reconcile to reserves on I&E | AP63: Frequently | AW63: Very challenging | BA63: Not so important | BB63: Very useful | BG63: G2.46 – combined financial statements G9.47 to G9.49. Do not agree that these should be covered or suggested as possible as very misleading in their concept and ability to create these. G2.100 – service potential should reall also to be added here. AG2.21 – does this mean a separate legal entity too??? Not very clear. Q4b /Q6.c– comparatives on primary statements – do not agree for I&E. G5.7 is missing expenses and do not agree that finance costs and tax should be separated as these are expenses and are not relavnt separate disclosures. Could have separate lines within expenses if important. Q7 - statement of changes in net equity – for many there would not be one so should be able to combine with I&E G7.17 – exclude gift aid and payroll taxes – be clearer in definition 8a – grants – and 8b don’t agree either shoudl be shown. Not relevant or an important distinction and will just create additional burdens for no benefits Ag35.6 – six months expensiture in reserves. Needs to be removed as not a helpful comment or example. Reserves should be tied to startegy and risk not expenditure and gives wrong immpression that acceptable to use exp as a reserves policy justification
A64: 118278550000 | B64: Mehmet | C64: Abdulhayoglu | D64: Shafak | E64: I agree | G64: Important | J64: Yes | O64: Somewhat difficult | R64: Yes | U64: Yes | Y64: Yes | AD64: No | AF64: It will be great if the statement o functional expenses added as at least non-mandatory statement to be prepared by NPOs. | AG64: Yes | AJ64: Yes | AM64: Yes | AR64: Sometimes | AU64: Easy | AY64: Very important | BB64: Very useful | BG64: Adding statement of Functional Expenses to be prepared by NPOs as optional statement
A65: 118278534896 | B65: Ebube Anaduaka | C65: United Kingdom | D65: EY | E65: I agree | F65: Very important | J65: Yes | O65: Somewhat difficult | R65: Yes | W65: I don't know | Z65: No | AE65: I don't know | AF65: It may be difficult for some funding that's partially restricted depending on circumstances for completion of the funding requirements. | AI65: Statement of Income and Expenditure | AJ65: Yes | AO65: It should be included in the Statement of Income and Expenses | AR65: Sometimes | AU65: Easy | AY65: Very important | BC65: Beneficial | BG65: N/A
A66: 118277439286 | B66: Elkhider Mohammed | C66: Sudan | D66: National Democratic Institute | E66: I agree | F66: Very important | J66: Yes | O66: Somewhat difficult | R66: Yes | U66: Yes | Y66: Yes | AC66: Yes | AG66: Yes | AJ66: Yes | AM66: Yes | AR66: Sometimes | AU66: Easy | AY66: Very important | BB66: Very useful
A67: 118277322087 | B67: ROEL ESTEBAN LUCAS | C67: Philippines | D67: SGV & Co | E67: I agree | F67: Very important | J67: Yes | N67: Easy | R67: Yes | U67: Yes | Z67: No | AC67: Yes | AI67: Surplus/deficit | AJ67: Yes | AM67: Yes | AQ67: Rarely | AU67: Easy | AY67: Very important | BB67: Very useful
A68: 118276674869 | B68: Dimas Choga | C68: Zimbabwe | D68: Intrahealth | E68: I agree | F68: Very important | J68: Yes | N68: Easy | R68: Yes | U68: Yes | Y68: Yes | AC68: Yes | AG68: Yes | AJ68: Yes | AM68: Yes | AP68: Frequently | AU68: Easy | AY68: Very important | BC68: Beneficial
A69: 118286045047 | B69: Susana Yene Chimy Awasom | C69: Cameroun | D69: National School of Local Administration | E69: I agree | F69: Very important | J69: Yes | O69: Somewhat difficult | R69: Yes | U69: Yes | Y69: Yes | AC69: Yes | AF69: All funds belong to the entity as a whole | AG69: Yes | AJ69: Yes | AM69: Yes | AQ69: Rarely | AU69: Easy | AY69: Very important | BB69: Very useful | BG69: Compliance to legal processes on financial reporting
A70: =COUNTA(A3:A69) -> 67
A74: Discount - deleted from Survey Monkey
A76: 118279002139 | C76: wewe | E76: I agree
A77: 118282982917 | C77: Senegal | E77: I agree
A78: 118279202846 | B78: Ahmad | C78: Türkiye | D78: Chainsbreg | E78: I agree | H78: =MATCH(#REF!,#REF!,0) -> #REF!
A79: 118282690987 | B79: PSI | C79: Madagascar | D79: PSI | E79: I agree | H79: =MATCH(#REF!,#REF!,0) -> #REF!
A80: 118276681998 | B80: Susana Yene Chimy Awasom | C80: Cameroon | D80: NASLA | E80: I agree | F80: Very important | H80: =MATCH(#REF!,#REF!,0) -> #REF! | J80: Yes | N80: Easy | R80: Yes | U80: Yes | Z80: No | AC80: Yes | AF80: No | AG80: Yes | AJ80: Yes | AM80: Yes | AQ80: Rarely | AU80: Easy | AY80: Very important | BB80: Very useful | BG80: No
A81: 118276499445 | B81: JOSE TORRES SOLARI | C81: PERU | D81: APOYO A PROGRAMAS DE POBLACION - APROPO | E81: I agree | H81: =MATCH(#REF!,#REF!,0) -> #REF!

Sheet Narrative reporting
A1: Respondent ID | B1: Please input your information. Only your country information is a requirement, but personal information is helpful for our analysis if you are willing to provide it. | E1: Any personal information you have provided will only be held for the purposes of developing INPAG. You may withdraw your consent for us to hold any of your personal information at any time here, or email ifr4npo@cipfa.org. | F1: How important are the proposed principles about information used for narrative reporting? | AD1: How important are the following elements of the proposed mandatory requirements for NPO narrative reporting? | AS1: How difficult will it be to provide the elements of narrative reporting? | BH1: Do you agree that sensitive information about activities (where disclosure could cause harm to service recipients, staff or volunteers) can be excluded from the narrative report? | BK1: How important is it that NPO’s can exclude information if it is sensitive because it could cause harm to service recipients or NPO staff or volunteers? | BO1: Is there other information that should be included as a mandatory part of an NPO’s narrative report within its general-purpose financial report? | BQ1: Should a transition period for narrative reporting be permitted to assist in overcoming any implementation challenges? | BT1: If a transition period for narrative reporting is permitted, to assist in overcoming any implementation challenges, how long should it be?
B2: Name | C2: Country | D2: Organisation | E2: I agree | F2: Same reporting period & entity as the financial statements - Very important | G2: Same reporting period & entity as the financial statements - Important | H2: Same reporting period & entity as the financial statements - Not so important | I2: Faithfully represents what it is intended to represent - Very important | J2: Faithfully represents what it is intended to represent - Important | K2: Faithfully represents what it is intended to represent - Not so important | L2: Relevant - Very important | M2: Relevant - Important | N2: Relevant - Not so important | O2: Comparable across periods - Very important | P2: Comparable across periods - Important | Q2: Comparable across periods - Not so important | R2: Can be verified - Very important | S2: Can be verified - Important | T2: Can be verified - Not so important | U2: Timely - Very important | V2: Timely - Important | W2: Timely - Not so important | X2: Can be understood - Very important | Y2: Can be understood - Important | Z2: Can be understood - Not so important | AA2: Fair and balanced - Very important | AB2: Fair and balanced - Important | AC2: Fair and balanced - Not so important | AD2: Overview of what the NPO is and its purpose - Very important | AE2: Overview of what the NPO is and its purpose - Important | AF2: Overview of what the NPO is and its purpose - Not so important | AG2: NPO’s objectives and achievements - Very important | AH2: NPO’s objectives and achievements - Important | AI2: NPO’s objectives and achievements - Not so important | AJ2: NPO’s financial objectives and strategies - Very important | AK2: NPO’s financial objectives and strategies - Important | AL2: NPO’s financial objectives and strategies - Not so important | AM2: Analysis of the financial statements - Very important | AN2: Analysis of the financial statements - Important | AO2: Analysis of the financial statements - Not so important | AP2: Key risks and uncertainties - Very important | AQ2: Key risks and uncertainties - Important | AR2: Key risks and uncertainties - Not so important | AS2: Overview of what the NPO is and its purpose - Easy | AT2: Overview of what the NPO is and its purpose - Manageable | AU2: Overview of what the NPO is and its purpose - Difficult | AV2: NPO’s objectives and achievements - Easy | AW2: NPO’s objectives and achievements - Manageable | AX2: NPO’s objectives and achievements - Difficult | AY2: NPO’s financial objectives and strategies - Easy | AZ2: NPO’s financial objectives and strategies - Manageable | BA2: NPO’s financial objectives and strategies - Difficult | BB2: Analysis of the financial statements - Easy | BC2: Analysis of the financial statements - Manageable | BD2: Analysis of the financial statements - Difficult | BE2: Key risks and uncertainties - Easy | BF2: Key risks and uncertainties - Manageable | BG2: Key risks and uncertainties - Difficult | BH2: Yes | BI2: No | BJ2: I don't know | BK2: Very important | BL2: Important | BM2: Not important | BN2: Not relevant | BO2: No | BP2: Yes - please explain what and why | BQ2: Yes | BR2: No | BS2: I don't know | BT2: 1 year | BU2: 2 years | BV2: 5 years | BW2: Not permitted
A3: 114284763782 | B3: Sandra Nafungo | C3: Uganda | D3: Fastlyne Foundation | E3: I agree | F3: Very important | I3: Very important | L3: Very important | O3: Very important | R3: Very important | U3: Very important | X3: Very important | AA3: Very important | AD3: Very important | AG3: Very important | AJ3: Very important | AN3: Important | AQ3: Important | AS3: Easy | AW3: Manageable | AZ3: Manageable | BC3: Manageable | BF3: Manageable | BH3: Yes | BK3: Very important | BQ3: Yes | BU3: 2 years
A4: 114284754187 | B4: Kelechi Unaeze | C4: Nigeria | D4: Achieving Health Nigeria Initiative | E4: I agree | F4: Very important | I4: Very important | L4: Very important | O4: Very important | R4: Very important | U4: Very important | X4: Very important | AA4: Very important | AD4: Very important | AG4: Very important | AJ4: Very important | AN4: Important | AQ4: Important | AS4: Easy | AW4: Manageable | AZ4: Manageable | BC4: Manageable | BF4: Manageable | BH4: Yes | BK4: Very important | BQ4: Yes | BU4: 2 years
A5: 114284750633 | B5: Emmanuel MUTANGANA | C5: Rwanda | D5: OAG | E5: I agree | F5: Very important | I5: Very important | L5: Very important | O5: Very important | R5: Very important | U5: Very important | X5: Very important | AA5: Very important | AD5: Very important | AG5: Very important | AJ5: Very important | AM5: Very important | AP5: Very important | AT5: Manageable | AV5: Easy | AY5: Easy | BB5: Easy | BF5: Manageable | BH5: Yes | BL5: Important | BO5: No | BR5: No | BT5: 1 year
A6: 114284746826 | B6: Mohamed Abdelrahman | C6: Egypt | E6: I agree | F6: Very important | I6: Very important | L6: Very important | O6: Very important | R6: Very important | U6: Very important | X6: Very important | AA6: Very important | AD6: Very important | AG6: Very important | AJ6: Very important | AM6: Very important | AP6: Very important | AS6: Easy | AW6: Manageable | AZ6: Manageable | BC6: Manageable | BE6: Easy | BH6: Yes | BL6: Important | BO6: No | BR6: No | BT6: 1 year
A7: 114284737932 | B7: Randy Díaz Mercado | C7: República Dominicana | E7: I agree | F7: Very important | J7: Important | M7: Important | O7: Very important | R7: Very important | U7: Very important | X7: Very important | AA7: Very important | AD7: Very important | AG7: Very important | AJ7: Very important | AN7: Important | AQ7: Important | AS7: Easy | AW7: Manageable | AZ7: Manageable | BC7: Manageable | BF7: Manageable | BI7: No | BM7: Not important | BP7: NPOs work to achieve some immediate goal having a long-term objective. An analysis of costs of each sub-goal vs achievement of sub-goal should be in the narrative report to assess the value for money. | BQ7: Yes | BU7: 2 years
A8: 114284694449 | B8: Jose Leonardo Milan | C8: Venezuela | E8: I agree | F8: Very important | I8: Very important | M8: Important | O8: Very important | R8: Very important | V8: Important | X8: Very important | AB8: Important | AD8: Very important | AG8: Very important | AK8: Important | AN8: Important | AQ8: Important | AS8: Easy | AV8: Easy | AZ8: Manageable | BC8: Manageable | BF8: Manageable | BH8: Yes | BK8: Very important | BP8: Entorno Legal-Regulatorio del pais/lugares que opere, si esto implica costes adicionales para la recepción de donativos (En Activos Fijos, Inventario o financieros) enviados por terceras partes locales o extranjeras. | BQ8: Yes | BT8: 1 year
A9: 114284676865 | B9: Atef Mohamed | C9: Egypt | D9: MEK foundation | E9: I agree | F9: Very important | I9: Very important | L9: Very important | O9: Very important | R9: Very important | U9: Very important | X9: Very important | AA9: Very important | AD9: Very important | AH9: Important | AJ9: Very important | AN9: Important | AP9: Very important | AS9: Easy | AV9: Easy | AY9: Easy | BB9: Easy | BF9: Manageable | BH9: Yes | BK9: Very important | BQ9: Yes | BU9: 2 years
A10: 114284668839 | B10: Martins Nuel Adewumi | C10: Nigeria | E10: I agree | F10: Very important | I10: Very important | L10: Very important | P10: Important | R10: Very important | U10: Very important | X10: Very important | AA10: Very important | AD10: Very important | AG10: Very important | AJ10: Very important | AN10: Important | AP10: Very important | AT10: Manageable | AW10: Manageable | AZ10: Manageable | BC10: Manageable | BG10: Difficult | BJ10: I don't know | BN10: Not relevant | BO10: No | BS10: I don't know | BU10: 2 years
A11: 114284666325 | B11: Namatai Moyo | C11: Zimbabwe | D11: Kindernothilfe e.V. | E11: I agree | F11: Very important | I11: Very important | L11: Very important | O11: Very important | R11: Very important | U11: Very important | X11: Very important | AA11: Very important | AD11: Very important | AG11: Very important | AJ11: Very important | AM11: Very important | AP11: Very important | AS11: Easy | AV11: Easy | AY11: Easy | BB11: Easy | BE11: Easy | BH11: Yes | BK11: Very important | BP11: beneficiaries by sex disaggregation is important helps in planning of future programmes and interventions. | BQ11: Yes | BT11: 1 year
A12: 114284630453 | B12: Ayebaekipiriye Abaye | C12: Nigeria | D12: Save the Children International | E12: I agree | F12: Very important | I12: Very important | M12: Important | O12: Very important | R12: Very important | U12: Very important | X12: Very important | AA12: Very important | AD12: Very important | AG12: Very important | AJ12: Very important | AM12: Very important | AP12: Very important | AS12: Easy | AV12: Easy | AZ12: Manageable | BC12: Manageable | BF12: Manageable | BH12: Yes | BK12: Very important | BQ12: Yes | BU12: 2 years
A13: 114284272704 | B13: Carolyne Kamau | C13: Kenya | D13: CIFF | E13: I agree | F13: Very important | I13: Very important | L13: Very important | O13: Very important | R13: Very important | U13: Very important | X13: Very important | AA13: Very important | AD13: Very important | AH13: Important | AK13: Important | AM13: Very important | AP13: Very important | AS13: Easy | AV13: Easy | AY13: Easy | BB13: Easy | BE13: Easy | BH13: Yes | BL13: Important | BO13: No | BS13: I don't know | BU13: 2 years
A14: 114284020351 | B14: José Eduardo Acosta R P | C14: Perú | D14: PharusData SACS | E14: I agree | F14: Very important | I14: Very important | L14: Very important | O14: Very important | R14: Very important | U14: Very important | X14: Very important | AA14: Very important | AD14: Very important | AG14: Very important | AJ14: Very important | AM14: Very important | AP14: Very important | AS14: Easy | AW14: Manageable | AZ14: Manageable | BD14: Difficult | BG14: Difficult | BI14: No | BN14: Not relevant | BO14: No | BQ14: Yes | BT14: 1 year
A15: 114283804056 | B15: Mohammad Anwrul Hoque FCA | C15: Bangladesh | D15: S. K. Barua & Co. Chartered Accountants | E15: I agree | F15: Very important | I15: Very important | M15: Important | P15: Important | S15: Important | V15: Important | Y15: Important | AB15: Important | AD15: Very important | AG15: Very important | AJ15: Very important | AN15: Important | AQ15: Important | AU15: Difficult | AX15: Difficult | BA15: Difficult | BC15: Manageable | BF15: Manageable | BH15: Yes | BL15: Important | BO15: No | BS15: I don't know | BW15: Not permitted
A16: 114283463054 | B16: Akintoye Olufemi | C16: Nigeria | D16: UNDP | E16: I agree | F16: Very important | J16: Important | L16: Very important | Q16: Not so important | R16: Very important | U16: Very important | X16: Very important | AA16: Very important | AD16: Very important | AG16: Very important | AK16: Important | AM16: Very important | AS16: Easy | AV16: Easy | AY16: Easy | BC16: Manageable | BF16: Manageable | BH16: Yes | BK16: Very important | BP16: Narrative reporting for reflect finance performance for the period. For example, in achieving the NPOs target for the period how much was spent, and when compare to previous year, how as the NPO faired in terms of spending to achieve objective | BR16: No | BW16: Not permitted
A17: 114283404058 | B17: Samuel Pemabou | C17: Cameroun | D17: Association des Frères et Soeurs Unis | E17: I agree | F17: Very important | J17: Important | L17: Very important | O17: Very important | S17: Important | V17: Important | Y17: Important | AB17: Important | AD17: Very important | AG17: Very important | AL17: Not so important | AM17: Very important | AQ17: Important | AS17: Easy | AW17: Manageable | BA17: Difficult | BB17: Easy | BG17: Difficult | BH17: Yes | BK17: Very important | BP17: Des images illustratives pouvant faciliter l'identification des bénéficiaires, personnels et autres bénévoles sur lesquelles la confidentialité est requise. | BQ17: Yes | BT17: 1 year
A18: 114283335349 | B18: Carmen López | C18: Venezuela | D18: Escritorio COntable Carmen López | E18: I agree | F18: Very important | I18: Very important | O18: Very important | R18: Very important | U18: Very important | X18: Very important | AA18: Very important | AD18: Very important | AG18: Very important | AJ18: Very important | AM18: Very important | AP18: Very important | AS18: Easy | AV18: Easy | AY18: Easy | BB18: Easy | BF18: Manageable | BH18: Yes | BK18: Very important | BO18: No | BQ18: Yes | BT18: 1 year
A19: 114283269132 | B19: carlos virgen | C19: mexico | D19: personal | E19: I agree | F19: Very important | I19: Very important | L19: Very important | O19: Very important | R19: Very important | U19: Very important | X19: Very important | AA19: Very important | AD19: Very important | AG19: Very important | AJ19: Very important | AM19: Very important | AP19: Very important | AS19: Easy | AV19: Easy | AY19: Easy | BB19: Easy | BE19: Easy | BJ19: I don't know | BK19: Very important | BP19: el alcance de la poblacion beneficiada y su evolucion, para tener un objetivo no solo de ayuda, sino de apoyo para mejorar | BQ19: Yes | BU19: 2 years
A20: 114283214813 | B20: Diadie | C20: Niger | D20: Millenium challenge account | E20: I agree | F20: Very important | I20: Very important | L20: Very important | O20: Very important | R20: Very important | U20: Very important | X20: Very important | AA20: Very important | AD20: Very important | AG20: Very important | AJ20: Very important | AM20: Very important | AR20: Not so important | AS20: Easy | AV20: Easy | AY20: Easy | BB20: Easy | BG20: Difficult | BH20: Yes | BK20: Very important | BP20: Prévisions | BQ20: Yes | BU20: 2 years
A21: 114283128921 | B21: Jesus Pizarro | C21: United States | D21: Sunrise Movement | E21: I agree | F21: Very important | I21: Very important | L21: Very important | O21: Very important | R21: Very important | U21: Very important | X21: Very important | AA21: Very important | AD21: Very important | AG21: Very important | AJ21: Very important | AM21: Very important | AP21: Very important | AT21: Manageable | AW21: Manageable | AZ21: Manageable | BC21: Manageable | BF21: Manageable | BI21: No | BL21: Important | BP21: Social, Environmental and Governance Impact. | BQ21: Yes | BV21: 5 years
A22: 114283124116 | B22: Bernal Gomez S. | C22: Costa Rica | D22: Asociacion Educativa | E22: I agree | F22: Very important | I22: Very important | L22: Very important | O22: Very important | R22: Very important | U22: Very important | X22: Very important | AA22: Very important | AD22: Very important | AG22: Very important | AJ22: Very important | AM22: Very important | AP22: Very important | AS22: Easy | AV22: Easy | AY22: Easy | BB22: Easy | BE22: Easy | BI22: No | BM22: Not important | BO22: No | BR22: No | BW22: Not permitted
A23: 114283064019 | B23: Paience Mmoyo | C23: Zambia | D23: Maringa Africa | E23: I agree | G23: Important | J23: Important | M23: Important | V23: Important | AB23: Important | AD23: Very important | AH23: Important | AJ23: Very important | AN23: Important | AQ23: Important | AT23: Manageable | AV23: Easy | AZ23: Manageable | BC23: Manageable | BF23: Manageable | BI23: No | BK23: Very important | BO23: No | BQ23: Yes | BT23: 1 year
A24: 114283042323 | B24: Letasi Vivian | C24: Uganda | D24: Engineers Without Borders | E24: I agree | F24: Very important | I24: Very important | L24: Very important | O24: Very important | R24: Very important | U24: Very important | X24: Very important | AA24: Very important | AD24: Very important | AG24: Very important | AJ24: Very important | AN24: Important | AQ24: Important | AS24: Easy | AV24: Easy | BA24: Difficult | BB24: Easy | BG24: Difficult | BH24: Yes | BK24: Very important | BO24: No | BQ24: Yes | BT24: 1 year
A25: 114282996434 | B25: Mohammad Anwarul Karim | C25: Bangladesh | D25: FRC | E25: I agree | F25: Very important | I25: Very important | L25: Very important | O25: Very important | R25: Very important | U25: Very important | X25: Very important | AA25: Very important | AD25: Very important | AG25: Very important | AK25: Important | AM25: Very important | AQ25: Important | AS25: Easy | AV25: Easy | AZ25: Manageable | BC25: Manageable | BG25: Difficult | BH25: Yes | BL25: Important | BP25: Extent of NPO involvements in exchange transactions, such as receipts against goods/ services. | BQ25: Yes | BU25: 2 years
A26: 114282819570 | B26: FATOUMATA CISSE EPSE SIDIBE | C26: Mali | D26: ONECCA MALI | E26: I agree | F26: Very important | I26: Very important | L26: Very important | O26: Very important | R26: Very important | U26: Very important | X26: Very important | AA26: Very important | AE26: Important | AH26: Important | AK26: Important | AN26: Important | AQ26: Important | AS26: Easy | AW26: Manageable | AY26: Easy | BB26: Easy | BE26: Easy | BH26: Yes | BL26: Important | BP26: Les activités réalisées et leur impact | BR26: No | BW26: Not permitted
A27: 114282806563 | B27: Busha Gemechu | C27: Ethiopia | D27: VSFG | E27: I agree | F27: Very important | I27: Very important | L27: Very important | O27: Very important | R27: Very important | U27: Very important | X27: Very important | AA27: Very important | AD27: Very important | AG27: Very important | AJ27: Very important | AO27: Not so important | AP27: Very important | AS27: Easy | AV27: Easy | AZ27: Manageable | BD27: Difficult | BF27: Manageable | BH27: Yes | BL27: Important | BO27: No | BQ27: Yes | BU27: 2 years
A28: 114282734974 | B28: Oumou Wane Toure | C28: Senegal | D28: Cabinet MECA | E28: I agree | F28: Very important | I28: Very important | L28: Very important | O28: Very important | R28: Very important | U28: Very important | X28: Very important | AA28: Very important | AD28: Very important | AG28: Very important | AK28: Important | AM28: Very important | AP28: Very important | AS28: Easy | AV28: Easy | AZ28: Manageable | BC28: Manageable | BG28: Difficult | BH28: Yes | BK28: Very important | BP28: Référence croisée entre les postes des états financiers et le rapport narratif | BQ28: Yes | BU28: 2 years
A29: 114282705357 | B29: Rafat Bandak | C29: Palestine | D29: FTS Consulting | E29: I agree | F29: Very important | J29: Important | L29: Very important | O29: Very important | R29: Very important | V29: Important | X29: Very important | AA29: Very important | AD29: Very important | AG29: Very important | AK29: Important | AM29: Very important | AQ29: Important | AS29: Easy | AV29: Easy | AZ29: Manageable | BC29: Manageable | BG29: Difficult | BI29: No | BL29: Important | BO29: No | BQ29: Yes | BT29: 1 year
A30: 114282697187 | B30: Mohamed KHLASS | C30: Tunisia | D30: MKAC | E30: I agree | F30: Very important | I30: Very important | L30: Very important | O30: Very important | R30: Very important | U30: Very important | X30: Very important | AA30: Very important | AD30: Very important | AG30: Very important | AJ30: Very important | AM30: Very important | AP30: Very important | AS30: Easy | AV30: Easy | AZ30: Manageable | BC30: Manageable | BF30: Manageable | BH30: Yes | BL30: Important | BO30: No | BQ30: Yes | BV30: 5 years
A31: 114282653652 | B31: Alex Andwati | C31: CH | D31: The Global Fund | E31: I agree | F31: Very important | I31: Very important | L31: Very important | O31: Very important | R31: Very important | U31: Very important | X31: Very important | AA31: Very important | AD31: Very important | AG31: Very important | AJ31: Very important | AM31: Very important | AP31: Very important | AS31: Easy | AV31: Easy | AZ31: Manageable | BC31: Manageable | BF31: Manageable | BH31: Yes | BL31: Important | BP31: Key programmatic achievements since the reader would want to match the financial performance to the programmatic perfomance | BQ31: Yes | BT31: 1 year
A32: 114282620002 | B32: Ndiémé PAYE BADIANE | C32: Sénégal | D32: cec afsa | E32: I agree | F32: Very important | I32: Very important | L32: Very important | O32: Very important | R32: Very important | U32: Very important | X32: Very important | AA32: Very important | AD32: Very important | AG32: Very important | AK32: Important | AM32: Very important | AP32: Very important | AS32: Easy | AV32: Easy | AZ32: Manageable | BB32: Easy | BF32: Manageable | BH32: Yes | BK32: Very important | BO32: No | BQ32: Yes | BU32: 2 years
A33: 114282573811 | B33: abs | C33: SENEGAL | D33: EXPERTISE COMPTABLE | E33: I agree | G33: Important | J33: Important | M33: Important | P33: Important | S33: Important | V33: Important | Y33: Important | AB33: Important | AD33: Very important | AH33: Important | AK33: Important | AM33: Very important | AQ33: Important | AT33: Manageable | AW33: Manageable | AY33: Easy | BB33: Easy | BG33: Difficult | BH33: Yes | BL33: Important | BO33: No | BQ33: Yes | BT33: 1 year
A34: 114282569829 | B34: Philip | C34: Uganda | E34: I agree | G34: Important | I34: Very important | M34: Important | P34: Important | R34: Very important | U34: Very important | Y34: Important | AB34: Important | AE34: Important | AG34: Very important | AK34: Important | AN34: Important | AQ34: Important | AS34: Easy | AW34: Manageable | AY34: Easy | BD34: Difficult | BG34: Difficult | BH34: Yes | BL34: Important | BP34: Payments (salary or reimbursement of expenses) made to directors or other executive positions (in bands, without names) | BQ34: Yes | BT34: 1 year
A35: 114282545475 | B35: Chris Oliver | C35: United Kingdom | D35: NESCAN Hub | E35: I agree | F35: Very important | I35: Very important | L35: Very important | P35: Important | S35: Important | V35: Important | X35: Very important | AA35: Very important | AD35: Very important | AG35: Very important | AK35: Important | AN35: Important | AQ35: Important | AS35: Easy | AV35: Easy | AZ35: Manageable | BC35: Manageable | BF35: Manageable | BH35: Yes | BK35: Very important | BO35: No | BQ35: Yes | BU35: 2 years
A36: 114282535583 | B36: Mouhamed E.B. WADE | C36: Sénégal | D36: SP DECOFI | E36: I agree | F36: Very important | I36: Very important | L36: Very important | O36: Very important | R36: Very important | U36: Very important | X36: Very important | AA36: Very important | AD36: Very important | AG36: Very important | AJ36: Very important | AM36: Very important | AP36: Very important | AS36: Easy | AV36: Easy | AZ36: Manageable | BB36: Easy | BE36: Easy | BH36: Yes | BK36: Very important | BQ36: Yes | BU36: 2 years
A37: 114282527923 | B37: Edmond Vanderpuye | C37: Ghana | D37: International Needs | E37: I agree | F37: Very important | I37: Very important | L37: Very important | O37: Very important | R37: Very important | U37: Very important | X37: Very important | AA37: Very important | AD37: Very important | AG37: Very important | AJ37: Very important | AM37: Very important | AP37: Very important | AS37: Easy | AW37: Manageable | AZ37: Manageable | BC37: Manageable | BF37: Manageable | BH37: Yes | BK37: Very important | BO37: No | BQ37: Yes | BU37: 2 years
A38: 114282523364 | B38: David Wortham | C38: United Kingdom | D38: Empacta Training Limited | E38: I agree | F38: Very important | J38: Important | M38: Important | O38: Very important | S38: Important | V38: Important | Y38: Important | AB38: Important | AE38: Important | AI38: Not so important | AK38: Important | AN38: Important | AQ38: Important | AT38: Manageable | AW38: Manageable | AZ38: Manageable | BD38: Difficult | BG38: Difficult | BH38: Yes | BK38: Very important | BQ38: Yes | BU38: 2 years
A39: 114282511710 | B39: Barnabas Getu | C39: Ethiopia | D39: DLCO-EA | E39: I agree | F39: Very important | I39: Very important | L39: Very important | O39: Very important | R39: Very important | U39: Very important | X39: Very important | AA39: Very important | AD39: Very important | AG39: Very important | AJ39: Very important | AM39: Very important | AP39: Very important | AS39: Easy | AV39: Easy | AY39: Easy | BC39: Manageable | BF39: Manageable | BH39: Yes | BK39: Very important | BO39: No | BR39: No | BT39: 1 year
A40: 114281943209 | B40: Rohat Zada | C40: Iraq | D40: Catholic University in Erbil | E40: I agree | F40: Very important | I40: Very important | L40: Very important | O40: Very important | R40: Very important | U40: Very important | X40: Very important | AA40: Very important | AD40: Very important | AG40: Very important | AJ40: Very important | AN40: Important | AP40: Very important | AS40: Easy | AW40: Manageable | AZ40: Manageable | BC40: Manageable | BG40: Difficult | BH40: Yes | BK40: Very important | BO40: No | BQ40: Yes | BV40: 5 years
A41: 114281877980 | B41: Luis Acosta Peche | C41: Peru | D41: Russell Bedford Peru | E41: I agree | F41: Very important | I41: Very important | L41: Very important | O41: Very important | R41: Very important | U41: Very important | X41: Very important | AA41: Very important | AE41: Important | AH41: Important | AK41: Important | AM41: Very important | AP41: Very important | AS41: Easy | AV41: Easy | AZ41: Manageable | BC41: Manageable | BF41: Manageable | BH41: Yes | BL41: Important | BO41: No | BQ41: Yes | BT41: 1 year
A42: 114281785253 | B42: caroline | C42: Kenya | E42: I agree | F42: Very important | J42: Important | L42: Very important | O42: Very important | R42: Very important | U42: Very important | X42: Very important | AB42: Important | AD42: Very important | AI42: Not so important | AM42: Very important | AQ42: Important | AS42: Easy | AX42: Difficult | AZ42: Manageable | BB42: Easy | BG42: Difficult | BH42: Yes | BK42: Very important | BO42: No | BQ42: Yes | BV42: 5 years
A43: 114281794421 | B43: Sizwile Sibindi | C43: South Africa | D43: SMS Accounting | E43: I agree | F43: Very important | I43: Very important | L43: Very important | O43: Very important | R43: Very important | U43: Very important | X43: Very important | AA43: Very important | AE43: Important | AH43: Important | AK43: Important | AN43: Important | AQ43: Important | AT43: Manageable | AW43: Manageable | AZ43: Manageable | BC43: Manageable | BF43: Manageable | BH43: Yes | BK43: Very important | BO43: No | BQ43: Yes | BT43: 1 year
A44: 114281762795 | B44: Lamin N'jai | C44: Switzerland | D44: Global Fund | E44: I agree | F44: Very important | I44: Very important | L44: Very important | O44: Very important | R44: Very important | U44: Very important | X44: Very important | AA44: Very important | AD44: Very important | AG44: Very important | AK44: Important | AM44: Very important | AP44: Very important | AS44: Easy | AV44: Easy | AZ44: Manageable | BB44: Easy | BE44: Easy | BH44: Yes | BK44: Very important | BO44: No | BQ44: Yes | BU44: 2 years
A45: 114281737801 | B45: Mutala Mohammed | C45: Ghana | D45: Bean Counters | E45: I agree | F45: Very important | I45: Very important | L45: Very important | O45: Very important | R45: Very important | U45: Very important | X45: Very important | AA45: Very important | AD45: Very important | AG45: Very important | AJ45: Very important | AN45: Important | AP45: Very important | AT45: Manageable | AW45: Manageable | AZ45: Manageable | BD45: Difficult | BG45: Difficult | BH45: Yes | BK45: Very important | BO45: No | BQ45: Yes | BT45: 1 year
A46: 114281734591 | B46: Pesh Framjee | C46: United Kingdom | D46: Purposeful Consulting | E46: I agree | F46: Very important | I46: Very important | L46: Very important | P46: Important | S46: Important | V46: Important | X46: Very important | AA46: Very important | AD46: Very important | AG46: Very important | AJ46: Very important | AM46: Very important | AP46: Very important | AS46: Easy | AV46: Easy | AY46: Easy | BB46: Easy | BE46: Easy | BH46: Yes | BK46: Very important | BP46: level of reserves, plans for the future, governance structure | BR46: No
A47: 114281729748 | B47: Nigel Davies | C47: United Kingdom | D47: PAG member | E47: I agree | F47: Very important | J47: Important | L47: Very important | O47: Very important | S47: Important | U47: Very important | X47: Very important | AA47: Very important | AD47: Very important | AG47: Very important | AK47: Important | AM47: Very important | AQ47: Important | AS47: Easy | AV47: Easy | AZ47: Manageable | BC47: Manageable | BF47: Manageable | BH47: Yes | BK47: Very important | BP47: Reporting on operational performance/ impact in terms of the difference the NPO made to those it seeks to help | BQ47: Yes | BT47: 1 year
A48: 114281477233 | B48: Amelaku Belay Teka | C48: Ethiopia | D48: Debre Tabor University | E48: I agree | F48: Very important | I48: Very important | L48: Very important | O48: Very important | R48: Very important | U48: Very important | X48: Very important | AB48: Important | AD48: Very important | AG48: Very important | AJ48: Very important | AM48: Very important | AP48: Very important | AT48: Manageable | AW48: Manageable | AZ48: Manageable | BC48: Manageable | BG48: Difficult | BI48: No | BM48: Not important | BQ48: Yes | BT48: 1 year
A49: 114281294539 | B49: Hilda Hakiza | C49: Uganda | E49: I agree | F49: Very important | J49: Important | M49: Important | O49: Very important | R49: Very important | U49: Very important | X49: Very important | AA49: Very important | AE49: Important | AH49: Important | AK49: Important | AM49: Very important | AP49: Very important | AT49: Manageable | AV49: Easy | AY49: Easy | BB49: Easy | BE49: Easy | BJ49: I don't know | BK49: Very important | BO49: No | BQ49: Yes | BT49: 1 year
A50: 114280978294 | B50: Sarah Roggemann | C50: United States | D50: Wildlife Conservation Society | E50: I agree | F50: Very important | I50: Very important | L50: Very important | O50: Very important | R50: Very important | V50: Important | Y50: Important | AB50: Important | AE50: Important | AG50: Very important | AJ50: Very important | AM50: Very important | AP50: Very important | AS50: Easy | AV50: Easy | AY50: Easy | BB50: Easy | BE50: Easy | BH50: Yes | BK50: Very important | BO50: No | BQ50: Yes | BT50: 1 year
A51: 114278095222 | B51: Mehmet Abdulhayoglu | C51: Shafak | D51: Turkey | E51: I agree | F51: Very important | I51: Very important | L51: Very important | O51: Very important | R51: Very important | U51: Very important | X51: Very important | AA51: Very important | AD51: Very important | AH51: Important | AK51: Important | AM51: Very important | AQ51: Important | AS51: Easy | AW51: Manageable | AZ51: Manageable | BC51: Manageable | BF51: Manageable | BH51: Yes | BL51: Important | BP51: Efficiency level / rate relevant to using financial resources and allocating it between direct and indirect costs | BQ51: Yes | BU51: 2 years
A52: 114279811622 | B52: Elke Elisabeth Fobo | C52: Germany | D52: Brot für die Welt | E52: I agree | G52: Important | K52: Not so important | M52: Important | Q52: Not so important | T52: Not so important | W52: Not so important | Y52: Important | AB52: Important | AE52: Important | AI52: Not so important | AK52: Important | AM52: Very important | AP52: Very important | AT52: Manageable | AX52: Difficult | BA52: Difficult | BC52: Manageable | BF52: Manageable | BH52: Yes | BK52: Very important | BP52: We would rather prefer that narrative information is not mandatory; in any case, it is essential not to oblige NPOs to explicitly mention it when they exclude sensitive information from the narrative report. This might otherwise lead to interventions by secret services (e.g. human rights organisations). | BQ52: Yes | BV52: 5 years
A53: 114279812056 | C53: Ghana | E53: I agree | F53: Very important | I53: Very important | L53: Very important | O53: Very important | R53: Very important | U53: Very important | X53: Very important | AA53: Very important | AD53: Very important | AH53: Important | AL53: Not so important | AN53: Important | AQ53: Important | AS53: Easy | AW53: Manageable | BA53: Difficult | BC53: Manageable | BF53: Manageable | BJ53: I don't know | BL53: Important | BO53: No | BR53: No | BW53: Not permitted
A54: 114279678048 | B54: SAMUEL HAMMOND | C54: Ghana | D54: PKF | E54: I agree | G54: Important | I54: Very important | L54: Very important | O54: Very important | R54: Very important | U54: Very important | X54: Very important | AA54: Very important | AD54: Very important | AH54: Important | AK54: Important | AN54: Important | AQ54: Important | AT54: Manageable | AW54: Manageable | AZ54: Manageable | BC54: Manageable | BF54: Manageable | BH54: Yes | BK54: Very important | BO54: No | BR54: No | BW54: Not permitted
A55: 114279638513 | B55: Elvis G Afare | C55: Ghana | D55: CARE INT. | E55: I agree | F55: Very important | I55: Very important | L55: Very important | O55: Very important | R55: Very important | U55: Very important | X55: Very important | AA55: Very important | AD55: Very important | AG55: Very important | AL55: Not so important | AO55: Not so important | AQ55: Important | AT55: Manageable | AV55: Easy | AZ55: Manageable | BC55: Manageable | BG55: Difficult | BI55: No | BM55: Not important | BO55: No | BQ55: Yes | BU55: 2 years
A56: 114279198875 | B56: John Perlas N Quarcoopome | C56: Ghana | D56: Just Quist Consult | E56: I agree | F56: Very important | I56: Very important | L56: Very important | P56: Important | S56: Important | V56: Important | Y56: Important | AB56: Important | AD56: Very important | AG56: Very important | AJ56: Very important | AM56: Very important | AP56: Very important | AT56: Manageable | AW56: Manageable | AZ56: Manageable | BC56: Manageable | BF56: Manageable | BH56: Yes | BK56: Very important | BO56: No | BQ56: Yes | BU56: 2 years
A57: 114278082071 | B57: Ebube Anaduaka | C57: United Kingdom | D57: EY | E57: I agree | G57: Important | I57: Very important | L57: Very important | P57: Important | S57: Important | V57: Important | Y57: Important | AC57: Not so important | AD57: Very important | AG57: Very important | AJ57: Very important | AN57: Important | AQ57: Important | AS57: Easy | AV57: Easy | AZ57: Manageable | BB57: Easy | BF57: Manageable | BH57: Yes | BL57: Important | BO57: No | BQ57: Yes | BU57: 2 years
A58: 114277689218 | B58: Elkhider Mohammed | C58: Sudan | D58: National Democratic Institute | E58: I agree | F58: Very important | I58: Very important | L58: Very important | O58: Very important | R58: Very important | U58: Very important | X58: Very important | AA58: Very important | AD58: Very important | AG58: Very important | AJ58: Very important | AM58: Very important | AP58: Very important | AS58: Easy | AV58: Easy | AY58: Easy | BC58: Manageable | BF58: Manageable | BH58: Yes | BK58: Very important | BO58: No | BQ58: Yes | BT58: 1 year
A59: 114276909203 | B59: ROEL ESTEBAN LUCAS | C59: Philippines | D59: SGV & Co. (EY Philippines) | E59: I agree | F59: Very important | I59: Very important | L59: Very important | O59: Very important | R59: Very important | U59: Very important | X59: Very important | AA59: Very important | AD59: Very important | AG59: Very important | AJ59: Very important | AM59: Very important | AQ59: Important | AT59: Manageable | AW59: Manageable | BA59: Difficult | BC59: Manageable | BG59: Difficult | BH59: Yes | BK59: Very important | BQ59: Yes | BU59: 2 years
A60: 114276602461 | B60: Dimas | C60: Zimbabwe | D60: Intrahealth | E60: I agree | F60: Very important | I60: Very important | L60: Very important | O60: Very important | R60: Very important | U60: Very important | X60: Very important | AA60: Very important | AD60: Very important | AG60: Very important | AJ60: Very important | AM60: Very important | AP60: Very important | AS60: Easy | AV60: Easy | AY60: Easy | BB60: Easy | BE60: Easy | BH60: Yes | BL60: Important | BO60: No | BQ60: Yes | BT60: 1 year
A61: =COUNTA(A3:A60) -> 58
A64: Discount - deleted from Survey Monkey
A65: 114283792718 | B65: Mohammad Anwarul Hoque FCA | C65: Bangladesh | D65: S. K. Barua & Co. Chartered Accountants | E65: I agree | F65: =MATCH(#REF!,#REF!) -> #REF!
A66: 114284688126 | B66: Jose Leonardo Milan | C66: Venezuela | E66: I agree | F66: =MATCH(#REF!,#REF!,0) -> #REF!
A67: 114281703798 | B67: Mohamed | C67: Egypt | E67: I agree | F67: =MATCH(#REF!,#REF!,0) -> #REF!
A68: 114282505667 | B68: PASCAL NDAHAYO | C68: Rwanda | D68: Individual consultant | E68: I agree | F68: =MATCH(#REF!,#REF!,0) -> #REF!

Sheet Countries
A1: Survey | B1: Country | C1: Country match | D1: Region | F1: Countries | H1: Regions
A2: Describing NPOs | B2: ='Describing NPOs'!C3 -> Kenya | C2: =B2 -> Kenya | D2: =VLOOKUP(C2,lookup!A:B,2,0) -> Eastern & Southern Africa | F2: =COUNTA(F3:F111) -> 46 | H2: West & Central Africa | I2: =COUNTIF(D:D,H2) -> 93
A3: Describing NPOs | B3: ='Describing NPOs'!C4 -> Perú | C3: Peru | D3: =VLOOKUP(C3,lookup!A:B,2,0) -> Latin America & Caribbean | F3: Bangladesh | H3: Eastern & Southern Africa | I3: =COUNTIF(D:D,H3) -> 74
A4: Describing NPOs | B4: ='Describing NPOs'!C5 -> BENIN | C4: =B4 -> BENIN | D4: =VLOOKUP(C4,lookup!A:B,2,0) -> West & Central Africa | F4: BENIN | H4: Latin America & Caribbean | I4: =COUNTIF(D:D,H4) -> 40
A5: Describing NPOs | B5: ='Describing NPOs'!C6 -> India | C5: =B5 -> India | D5: =VLOOKUP(C5,lookup!A:B,2,0) -> South Asia | F5: Bolivia | H5: Europe | I5: =COUNTIF(D:D,H5) -> 37
A6: Describing NPOs | B6: ='Describing NPOs'!C7 -> VENEZUELA | C6: =B6 -> VENEZUELA | D6: =VLOOKUP(C6,lookup!A:B,2,0) -> Latin America & Caribbean | F6: Brazil | H6: Middle East & North Africa | I6: =COUNTIF(D:D,H6) -> 22
A7: Describing NPOs | B7: ='Describing NPOs'!C8 -> Venezuela | C7: =B7 -> Venezuela | D7: =VLOOKUP(C7,lookup!A:B,2,0) -> Latin America & Caribbean | F7: Burkina Faso | H7: North America | I7: =COUNTIF(D:D,H7) -> 12
A8: Describing NPOs | B8: ='Describing NPOs'!C9 -> Venezuela | C8: =B8 -> Venezuela | D8: =VLOOKUP(C8,lookup!A:B,2,0) -> Latin America & Caribbean | F8: Cameroon | H8: South Asia | I8: =COUNTIF(D:D,H8) -> 12
A9: Describing NPOs | B9: ='Describing NPOs'!C10 -> COLOMBIA | C9: =B9 -> COLOMBIA | D9: =VLOOKUP(C9,lookup!A:B,2,0) -> Latin America & Caribbean | F9: Canada | H9: East & South East Asia | I9: =COUNTIF(D:D,H9) -> 6
A10: Describing NPOs | B10: ='Describing NPOs'!C11 -> Ecuador | C10: =B10 -> Ecuador | D10: =VLOOKUP(C10,lookup!A:B,2,0) -> Latin America & Caribbean | F10: COLOMBIA | H10: Central Asia / Eastern Europe | I10: =COUNTIF(D:D,H10) -> 5
A11: Describing NPOs | B11: ='Describing NPOs'!C12 -> mexico | C11: =B11 -> mexico | D11: =VLOOKUP(C11,lookup!A:B,2,0) -> Latin America & Caribbean | F11: Costa Rica | H11: Australia & Oceania | I11: =COUNTIF(D:D,H11) -> 0
A12: Describing NPOs | B12: ='Describing NPOs'!C13 -> Venezuela | C12: =B12 -> Venezuela | D12: =VLOOKUP(C12,lookup!A:B,2,0) -> Latin America & Caribbean | F12: Côte d'Ivoire
A13: Describing NPOs | B13: ='Describing NPOs'!C14 -> México | C13: Mexico | D13: =VLOOKUP(C13,lookup!A:B,2,0) -> Latin America & Caribbean | F13: Dominican Republic
A14: Describing NPOs | B14: ='Describing NPOs'!C15 -> Niger | C14: Niger | D14: =VLOOKUP(C14,lookup!A:B,2,0) -> West & Central Africa | F14: Ecuador
A15: Describing NPOs | B15: ='Describing NPOs'!C16 -> Burkina Faso | C15: Burkina Faso | D15: =VLOOKUP(C15,lookup!A:B,2,0) -> West & Central Africa | F15: Egypt
A16: Describing NPOs | B16: ='Describing NPOs'!C17 -> Costa Rica | C16: =B16 -> Costa Rica | D16: =VLOOKUP(C16,lookup!A:B,2,0) -> Latin America & Caribbean | F16: Ethiopia
A17: Describing NPOs | B17: ='Describing NPOs'!C18 -> United States | C17: =B17 -> United States | D17: =VLOOKUP(C17,lookup!A:B,2,0) -> North America | F17: Germany
A18: Describing NPOs | B18: ='Describing NPOs'!C19 -> Colombia | C18: =B18 -> Colombia | D18: =VLOOKUP(C18,lookup!A:B,2,0) -> Latin America & Caribbean | F18: Ghana
A19: Describing NPOs | B19: ='Describing NPOs'!C20 -> colombia | C19: =B19 -> colombia | D19: =VLOOKUP(C19,lookup!A:B,2,0) -> Latin America & Caribbean | F19: India
A20: Describing NPOs | B20: ='Describing NPOs'!C21 -> Bangladesh | C20: =B20 -> Bangladesh | D20: =VLOOKUP(C20,lookup!A:B,2,0) -> South Asia | F20: Indonesia
A21: Describing NPOs | B21: ='Describing NPOs'!C22 -> Venezuela | C21: =B21 -> Venezuela | D21: =VLOOKUP(C21,lookup!A:B,2,0) -> Latin America & Caribbean | F21: Iraq
A22: Describing NPOs | B22: ='Describing NPOs'!C23 -> Ethiopia | C22: =B22 -> Ethiopia | D22: =VLOOKUP(C22,lookup!A:B,2,0) -> Eastern & Southern Africa | F22: Kenya
A23: Describing NPOs | B23: ='Describing NPOs'!C24 -> Mali | C23: =B23 -> Mali | D23: =VLOOKUP(C23,lookup!A:B,2,0) -> West & Central Africa | F23: Madagascar
A24: Describing NPOs | B24: ='Describing NPOs'!C25 -> Senegal | C24: =B24 -> Senegal | D24: =VLOOKUP(C24,lookup!A:B,2,0) -> West & Central Africa | F24: Mali
A25: Describing NPOs | B25: ='Describing NPOs'!C26 -> Ghana | C25: =B25 -> Ghana | D25: =VLOOKUP(C25,lookup!A:B,2,0) -> West & Central Africa | F25: mexico
A26: Describing NPOs | B26: ='Describing NPOs'!C27 -> Palestine | C26: Palestine | D26: =VLOOKUP(C26,lookup!A:B,2,0) -> Middle East & North Africa | F26: Netherlands
A27: Describing NPOs | B27: ='Describing NPOs'!C28 -> GHANA | C27: =B27 -> GHANA | D27: =VLOOKUP(C27,lookup!A:B,2,0) -> West & Central Africa | F27: Niger
A28: Describing NPOs | B28: ='Describing NPOs'!C29 -> Tunisia | C28: =B28 -> Tunisia | D28: =VLOOKUP(C28,lookup!A:B,2,0) -> Middle East & North Africa | F28: Nigeria
A29: Describing NPOs | B29: ='Describing NPOs'!C30 -> Nigeria | C29: =B29 -> Nigeria | D29: =VLOOKUP(C29,lookup!A:B,2,0) -> West & Central Africa | F29: Palestine
A30: Describing NPOs | B30: ='Describing NPOs'!C31 -> CH | C30: Switzerland | D30: =VLOOKUP(C30,lookup!A:B,2,0) -> Europe | F30: Peru
A31: Describing NPOs | B31: ='Describing NPOs'!C32 -> Russia | C31: =B31 -> Russia | D31: =VLOOKUP(C31,lookup!A:B,2,0) -> Europe | F31: Philippines
A32: Describing NPOs | B32: ='Describing NPOs'!C33 -> Sénégal | C32: Senegal | D32: =VLOOKUP(C32,lookup!A:B,2,0) -> West & Central Africa | F32: Russia
A33: Describing NPOs | B33: ='Describing NPOs'!C34 -> Ghana | C33: Ghana | D33: =VLOOKUP(C33,lookup!A:B,2,0) -> West & Central Africa | F33: Rwanda
A34: Describing NPOs | B34: ='Describing NPOs'!C35 -> Uganda | C34: =B34 -> Uganda | D34: =VLOOKUP(C34,lookup!A:B,2,0) -> Eastern & Southern Africa | F34: Senegal
A35: Describing NPOs | B35: ='Describing NPOs'!C36 -> SENEGAL | C35: =B35 -> SENEGAL | D35: =VLOOKUP(C35,lookup!A:B,2,0) -> West & Central Africa | F35: South Africa
A36: Describing NPOs | B36: ='Describing NPOs'!C37 -> United Kingdom | C36: =B36 -> United Kingdom | D36: =VLOOKUP(C36,lookup!A:B,2,0) -> Europe | F36: South Korea
A37: Describing NPOs | B37: ='Describing NPOs'!C38 -> Senégal | C37: Senegal | D37: =VLOOKUP(C37,lookup!A:B,2,0) -> West & Central Africa | F37: Sudan
A38: Describing NPOs | B38: ='Describing NPOs'!C39 -> Rwanda | C38: =B38 -> Rwanda | D38: =VLOOKUP(C38,lookup!A:B,2,0) -> Eastern & Southern Africa | F38: Sweden
A39: Describing NPOs | B39: ='Describing NPOs'!C40 -> Ethiopia | C39: =B39 -> Ethiopia | D39: =VLOOKUP(C39,lookup!A:B,2,0) -> Eastern & Southern Africa | F39: Switzerland
A40: Describing NPOs | B40: ='Describing NPOs'!C41 -> Nigeria | C40: =B40 -> Nigeria | D40: =VLOOKUP(C40,lookup!A:B,2,0) -> West & Central Africa | F40: Tunisia
A41: Describing NPOs | B41: ='Describing NPOs'!C42 -> Sénégal | C41: Senegal | D41: =VLOOKUP(C41,lookup!A:B,2,0) -> West & Central Africa | F41: Turkey
A42: Describing NPOs | B42: ='Describing NPOs'!C43 -> Madagascar | C42: Madagascar | D42: =VLOOKUP(C42,lookup!A:B,2,0) -> Eastern & Southern Africa | F42: Uganda
A43: Describing NPOs | B43: ='Describing NPOs'!C44 -> RWANDA | C43: =B43 -> RWANDA | D43: =VLOOKUP(C43,lookup!A:B,2,0) -> Eastern & Southern Africa | F43: United Kingdom
A44: Describing NPOs | B44: ='Describing NPOs'!C45 -> Nigeria | C44: =B44 -> Nigeria | D44: =VLOOKUP(C44,lookup!A:B,2,0) -> West & Central Africa | F44: United States
A45: Describing NPOs | B45: ='Describing NPOs'!C46 -> Iraq | C45: =B45 -> Iraq | D45: =VLOOKUP(C45,lookup!A:B,2,0) -> Middle East & North Africa | F45: VENEZUELA
A46: Describing NPOs | B46: ='Describing NPOs'!C47 -> Peru | C46: =B46 -> Peru | D46: =VLOOKUP(C46,lookup!A:B,2,0) -> Latin America & Caribbean | F46: Yemen
A47: Describing NPOs | B47: ='Describing NPOs'!C48 -> South Africa | C47: =B47 -> South Africa | D47: =VLOOKUP(C47,lookup!A:B,2,0) -> Eastern & Southern Africa | F47: Zambia
A48: Describing NPOs | B48: ='Describing NPOs'!C49 -> Kenya | C48: =B48 -> Kenya | D48: =VLOOKUP(C48,lookup!A:B,2,0) -> Eastern & Southern Africa | F48: Zimbabwe
A49: Describing NPOs | B49: ='Describing NPOs'!C50 -> Switzerland | C49: =B49 -> Switzerland | D49: =VLOOKUP(C49,lookup!A:B,2,0) -> Europe
A50: Describing NPOs | B50: ='Describing NPOs'!C51 -> United Kingdom | C50: =B50 -> United Kingdom | D50: =VLOOKUP(C50,lookup!A:B,2,0) -> Europe
A51: Describing NPOs | B51: ='Describing NPOs'!C52 -> Ghana | C51: =B51 -> Ghana | D51: =VLOOKUP(C51,lookup!A:B,2,0) -> West & Central Africa
A52: Describing NPOs | B52: ='Describing NPOs'!C53 -> Ethiopia | C52: Ethiopia | D52: =VLOOKUP(C52,lookup!A:B,2,0) -> Eastern & Southern Africa
A53: Describing NPOs | B53: ='Describing NPOs'!C54 -> USA | C53: =B53 -> USA | D53: =VLOOKUP(C53,lookup!A:B,2,0) -> North America
A54: Describing NPOs | B54: ='Describing NPOs'!C55 -> Uganda | C54: =B54 -> Uganda | D54: =VLOOKUP(C54,lookup!A:B,2,0) -> Eastern & Southern Africa
A55: Describing NPOs | B55: ='Describing NPOs'!C56 -> UK | C55: United Kingdom | D55: =VLOOKUP(C55,lookup!A:B,2,0) -> Europe
A56: Describing NPOs | B56: ='Describing NPOs'!C57 -> United States | C56: =B56 -> United States | D56: =VLOOKUP(C56,lookup!A:B,2,0) -> North America
A57: Describing NPOs | B57: ='Describing NPOs'!C58 -> senegal | C57: =B57 -> senegal | D57: =VLOOKUP(C57,lookup!A:B,2,0) -> West & Central Africa
A58: Describing NPOs | B58: ='Describing NPOs'!C59 -> Bolivia | C58: =B58 -> Bolivia | D58: =VLOOKUP(C58,lookup!A:B,2,0) -> Latin America & Caribbean
A59: Describing NPOs | B59: ='Describing NPOs'!C60 -> Zimbabwe | C59: =B59 -> Zimbabwe | D59: =VLOOKUP(C59,lookup!A:B,2,0) -> Eastern & Southern Africa
A60: Describing NPOs | B60: ='Describing NPOs'!C61 -> Zimbabwe | C60: Zimbabwe | D60: =VLOOKUP(C60,lookup!A:B,2,0) -> Eastern & Southern Africa
A61: Describing NPOs | B61: ='Describing NPOs'!C62 -> Turkey | C61: =B61 -> Turkey | D61: =VLOOKUP(C61,lookup!A:B,2,0) -> Central Asia / Eastern Europe
A62: Describing NPOs | B62: ='Describing NPOs'!C63 -> Nigeria | C62: Nigeria | D62: =VLOOKUP(C62,lookup!A:B,2,0) -> West & Central Africa
A63: Describing NPOs | B63: ='Describing NPOs'!C64 -> Nigeria | C63: =B63 -> Nigeria | D63: =VLOOKUP(C63,lookup!A:B,2,0) -> West & Central Africa
A64: Describing NPOs | B64: ='Describing NPOs'!C65 -> Nigeria | C64: =B64 -> Nigeria | D64: =VLOOKUP(C64,lookup!A:B,2,0) -> West & Central Africa
A65: Describing NPOs | B65: ='Describing NPOs'!C66 -> Nigeria | C65: =B65 -> Nigeria | D65: =VLOOKUP(C65,lookup!A:B,2,0) -> West & Central Africa
A66: Describing NPOs | B66: ='Describing NPOs'!C67 -> Ghana | C66: =B66 -> Ghana | D66: =VLOOKUP(C66,lookup!A:B,2,0) -> West & Central Africa
A67: Describing NPOs | B67: ='Describing NPOs'!C68 -> Nigeria | C67: =B67 -> Nigeria | D67: =VLOOKUP(C67,lookup!A:B,2,0) -> West & Central Africa
A68: Describing NPOs | B68: ='Describing NPOs'!C69 -> Nigeria | C68: =B68 -> Nigeria | D68: =VLOOKUP(C68,lookup!A:B,2,0) -> West & Central Africa
A69: Describing NPOs | B69: ='Describing NPOs'!C70 -> Nigeria | C69: =B69 -> Nigeria | D69: =VLOOKUP(C69,lookup!A:B,2,0) -> West & Central Africa
A70: Describing NPOs | B70: ='Describing NPOs'!C71 -> Nigeria | C70: =B70 -> Nigeria | D70: =VLOOKUP(C70,lookup!A:B,2,0) -> West & Central Africa
A71: Describing NPOs | B71: ='Describing NPOs'!C72 -> Nigeria | C71: =B71 -> Nigeria | D71: =VLOOKUP(C71,lookup!A:B,2,0) -> West & Central Africa
A72: Describing NPOs | B72: ='Describing NPOs'!C73 -> Nigeria | C72: =B72 -> Nigeria | D72: =VLOOKUP(C72,lookup!A:B,2,0) -> West & Central Africa
A73: Describing NPOs | B73: ='Describing NPOs'!C74 -> United Kingdom | C73: =B73 -> United Kingdom | D73: =VLOOKUP(C73,lookup!A:B,2,0) -> Europe
A74: Describing NPOs | B74: ='Describing NPOs'!C75 -> Ghana | C74: Ghana | D74: =VLOOKUP(C74,lookup!A:B,2,0) -> West & Central Africa
A75: Describing NPOs | B75: ='Describing NPOs'!C76 -> Ghana | C75: =B75 -> Ghana | D75: =VLOOKUP(C75,lookup!A:B,2,0) -> West & Central Africa
A76: Describing NPOs | B76: ='Describing NPOs'!C77 -> Ghana | C76: Ghana | D76: =VLOOKUP(C76,lookup!A:B,2,0) -> West & Central Africa
A77: Describing NPOs | B77: ='Describing NPOs'!C78 -> UK | C77: United Kingdom | D77: =VLOOKUP(C77,lookup!A:B,2,0) -> Europe
A78: Describing NPOs | B78: ='Describing NPOs'!C79 -> Uganda | C78: =B78 -> Uganda | D78: =VLOOKUP(C78,lookup!A:B,2,0) -> Eastern & Southern Africa
A79: Describing NPOs | B79: ='Describing NPOs'!C80 -> United Kingdom | C79: =B79 -> United Kingdom | D79: =VLOOKUP(C79,lookup!A:B,2,0) -> Europe
A80: Describing NPOs | B80: ='Describing NPOs'!C81 -> Canada | C80: =B80 -> Canada | D80: =VLOOKUP(C80,lookup!A:B,2,0) -> North America
A81: Describing NPOs | B81: ='Describing NPOs'!C82 -> South Korea | C81: =B81 -> South Korea | D81: =VLOOKUP(C81,lookup!A:B,2,0) -> East & South East Asia
A82: Describing NPOs | B82: ='Describing NPOs'!C83 -> Philippines | C82: =B82 -> Philippines | D82: =VLOOKUP(C82,lookup!A:B,2,0) -> East & South East Asia
A83: Describing NPOs | B83: ='Describing NPOs'!C84 -> RWANDA | C83: =B83 -> RWANDA | D83: =VLOOKUP(C83,lookup!A:B,2,0) -> Eastern & Southern Africa
A84: Describing NPOs | B84: ='Describing NPOs'!C85 -> Uganda | C84: =B84 -> Uganda | D84: =VLOOKUP(C84,lookup!A:B,2,0) -> Eastern & Southern Africa
A85: Describing NPOs | B85: ='Describing NPOs'!C86 -> Uganda | C85: =B85 -> Uganda | D85: =VLOOKUP(C85,lookup!A:B,2,0) -> Eastern & Southern Africa
A86: Describing NPOs | B86: ='Describing NPOs'!C87 -> Uganda | C86: =B86 -> Uganda | D86: =VLOOKUP(C86,lookup!A:B,2,0) -> Eastern & Southern Africa
A87: Describing NPOs | B87: ='Describing NPOs'!C88 -> Ethiopia | C87: =B87 -> Ethiopia | D87: =VLOOKUP(C87,lookup!A:B,2,0) -> Eastern & Southern Africa
A88: Describing NPOs | B88: ='Describing NPOs'!C89 -> Uganda | C88: =B88 -> Uganda | D88: =VLOOKUP(C88,lookup!A:B,2,0) -> Eastern & Southern Africa
A89: Describing NPOs | B89: ='Describing NPOs'!C90 -> Ethiopia | C89: Ethiopia | D89: =VLOOKUP(C89,lookup!A:B,2,0) -> Eastern & Southern Africa
A90: Describing NPOs | B90: ='Describing NPOs'!C91 -> Cameroon | C90: =B90 -> Cameroon | D90: =VLOOKUP(C90,lookup!A:B,2,0) -> West & Central Africa
A91: Describing NPOs | B91: ='Describing NPOs'!C92 -> Kenya | C91: =B91 -> Kenya | D91: =VLOOKUP(C91,lookup!A:B,2,0) -> Eastern & Southern Africa
A92: Describing NPOs | B92: ='Describing NPOs'!C93 -> UK | C92: United Kingdom | D92: =VLOOKUP(C92,lookup!A:B,2,0) -> Europe
A93: Describing NPOs | B93: ='Describing NPOs'!C94 -> Nigeria | C93: =B93 -> Nigeria | D93: =VLOOKUP(C93,lookup!A:B,2,0) -> West & Central Africa
A94: Describing NPOs | B94: ='Describing NPOs'!C95 -> India | C94: =B94 -> India | D94: =VLOOKUP(C94,lookup!A:B,2,0) -> South Asia
A95: Describing NPOs | B95: ='Describing NPOs'!C96 -> Egypt | C95: =B95 -> Egypt | D95: =VLOOKUP(C95,lookup!A:B,2,0) -> Middle East & North Africa
A96: Describing NPOs | B96: ='Describing NPOs'!C97 -> Venezuela | C96: =B96 -> Venezuela | D96: =VLOOKUP(C96,lookup!A:B,2,0) -> Latin America & Caribbean
A97: Describing NPOs | B97: ='Describing NPOs'!C98 -> Perú | C97: Peru | D97: =VLOOKUP(C97,lookup!A:B,2,0) -> Latin America & Caribbean
A98: Describing NPOs | B98: ='Describing NPOs'!C99 -> Bangladesh | C98: =B98 -> Bangladesh | D98: =VLOOKUP(C98,lookup!A:B,2,0) -> South Asia
A99: Describing NPOs | B99: ='Describing NPOs'!C100 -> USA | C99: =B99 -> USA | D99: =VLOOKUP(C99,lookup!A:B,2,0) -> North America
A100: Describing NPOs | B100: ='Describing NPOs'!C101 -> Egypt | C100: =B100 -> Egypt | D100: =VLOOKUP(C100,lookup!A:B,2,0) -> Middle East & North Africa
...

Sheet lookup
A1: Afghanistan | B1: South Asia
A2: Aland | B2: Latin America & Caribbean
A3: Albania | B3: Europe
A4: Algeria | B4: Middle East & North Africa
A5: American Samoa | B5: Australia & Oceania
A6: Andorra | B6: Europe
A7: Angola | B7: West & Central Africa
A8: Anguilla | B8: Latin America & Caribbean
A9: Antigua and Barbuda | B9: Latin America & Caribbean
A10: Argentina | B10: Latin America & Caribbean
A11: Armenia | B11: Central Asia / Eastern Europe
A12: Aruba | B12: Latin America & Caribbean
... A243: Zimbabwe | B243: Southern Africa
